 Seeded DCSS version 0.31-a0-844-gdc52ec4e09 (webtiles) character file.

Game seed: 4650116273386822121 (custom seed)

345118 qw the Merry Gargoyle (level 22, 31/151 HPs)
             Began as a Gargoyle Hunter on Sept 29, 2023.
             Was a High Priest of Okawaru.
             Quit the game on level 2 of the Depths.
             The game lasted 00:24:49 (35191 turns).

qw the Merry Gargoyle (Gargoyle Hunter)            Turns: 35191, Time: 00:24:49

Health: 31/151     AC: 48    Str: 16    XL:     22   Next: 9%
Magic:  28/29      EV: 25    Int: 19    God:    Okawaru [*****.]
Gold:   800        SH:  0    Dex: 31    Spells: 21/21 levels left

rFire   . . .        y - +27 heavy crossbow "Sniper" {heavy, Acc+∞ SInv}
rCold   . . .        (shield currently unavailable)
rNeg    + . .        j - +4 ring mail "Vamapno" {rElec Int+3 Slay+3}
rPois   inf          c - +0 helmet of Fortitude {Dex+4}
rElec   +            l - +2 cloak {Will+}
rCorr   .            p - +1 pair of gloves
SInv    +            e - +2 pair of boots
Will    ++...        q - amulet of faith
Stlth   ++           b - ring of the Tortoise {AC+8}
HPRegen 0.45/turn    m - ring "Xuli" {Int+4 Dex+6}
MPRegen 0.21/turn

%: clarity, faith
@: about to teleport, finesse-ful, flying
A: sickness immunity, AC +16, big wings, negative energy resistance 1,
electricity resistance, torment resistance 1, petrification resistance, hooves
1, clarity
}: 2/15 runes: serpentine, barnacled
a: Renounce Religion, Heroism, Finesse, Duel


You were on level 2 of the Depths.
You worshipped Okawaru.
Okawaru was extremely pleased with you.
You visited 8 branches of the dungeon, and saw 37 of its levels.
You also visited: Gauntlet.

You collected 3896 gold pieces.
You spent 3096 gold pieces at shops.


Innate Abilities, Weirdness & Mutations

You are immune to sickness and miasma.
Your stone body is resilient. (AC +16)
You are immune to poison.
Your large and strong wings let you fly.
You resist negative energy. (rN+)
You are resistant to electric shocks. (rElec)
You are resistant to unholy torment.
You are immune to petrification.
You have large cloven feet.
You possess an exceptional clarity of mind.


   Skills:
 + Level 19.6 Fighting
 O Level 27 Ranged Weapons
 - Level 13.1 Armour
 - Level 14.0 Dodging
 - Level 1.1 Stealth
 - Level 10.2 Invocations


You had 21 spell levels left.
You didn't know any spells.
Your spell library was empty.

Inventory:

Hand Weapons
 y - the +27 heavy crossbow "Sniper" (weapon) {heavy, Acc+∞ SInv}
   (You bought it in a shop on level 2 of the Orcish Mines)

   Acc+∞: It never misses its target.
   SInv:      It lets you see invisible.
Armour
 c - the +0 helmet of Fortitude (worn) {Dex+4}
   (You found it in a Gauntlet)

   Dex+4:     It affects your dexterity (+4).
 e - a +2 pair of boots (worn)
 j - the +4 ring mail "Vamapno" (worn) {rElec Int+3 Slay+3}
   (You found it on level 11 of the Dungeon)

   Int+3:     It affects your intelligence (+3).
   Slay+3:    It affects your accuracy & damage with ranged weapons and melee
   (+3).
   rElec:     It insulates you from electricity.
 l - a +2 cloak of willpower (worn)
 p - a +1 pair of gloves (worn)
 t - a +2 robe of resistance
Jewellery
 b - the ring of the Tortoise (left hand) {AC+8}
   (You found it on level 5 of the Lair of Beasts)

   [ring of protection]

   AC+8:      It affects your AC (+8).
 f - the ring "Qephea" {Fire Int+2 Dex+3}
   (You found it in a Gauntlet)

   [ring of fire]

   Fire:      It enhances your fire magic.
   Int+2:     It affects your intelligence (+2).
   Dex+3:     It affects your dexterity (+3).
   rF+:       It protects you from fire.
   rC-:       It makes you vulnerable to cold.
 m - the ring "Xuli" (right hand) {Int+4 Dex+6}
   (You found it on level 4 of the Snake Pit)

   [ring of dexterity]

   Int+4:     It affects your intelligence (+4).
   Dex+6:     It affects your dexterity (+6).
 q - an amulet of faith (around neck)
 s - the ring of the Cast Vote {rF+ Str+5}
   (You found it in a Gauntlet)

   [ring of protection from fire]

   Str+5:     It affects your strength (+5).
   rF+:       It protects you from fire.
 w - an amulet of reflection
Wands
 u - a wand of digging (9)
Scrolls
 g - 19 scrolls of identify
 o - 17 scrolls of teleportation
 x - 5 scrolls of enchant weapon
 z - a scroll of brand weapon
Potions
 a - 5 potions of haste
 d - 5 potions of enlightenment
 h - 5 potions of might
 n - 4 potions of cancellation
 r - 13 potions of curing
 A - 2 potions of mutation
 C - 2 potions of magic

Dungeon Overview and Level Annotations

Branches:
Dungeon (15/15)            Temple (1/1) D:4            Lair (5/5) D:11
 Shoals (4/4) Lair:3        Snake (4/4) Lair:3        Slime (0/5) Lair:5
    Orc (2/2) D:11            Elf (0/3) Orc:2        Vaults (4/5) D:14
  Crypt (0/3) Vaults:2     Depths (2/4) D:15        Gauntlet (visited)

Altars:
Ashenzari
Cheibriados
Dithmenos
Elyvilon
Fedhas
Gozag
Hepliaklqana
Kikubaaqudgha
Makhleb
Nemelex Xobeh
Okawaru
Qazlal
Ru
Sif Muna
Trog
Uskayaw
Vehumet
Wu Jian
Xom
Yredelemnul
Zin
The Shining One

Shops:
D:2 (   D:8 ?   D:15 ?   Orc:2 *=([*   Shoals:2 !(   Shoals:3 (   Snake:1 *
Snake:4 *=   Vaults:1 (   Vaults:2 =   Depths:1 :

Portals:
Hell: Depths:1
Abyss: Depths:1
Trove: Vaults:1 (give 8 potions of haste)

Annotations:
D:8 4 runed translucent doors, qwqw's ghost, novice DsFi
D:11 2 transporters
D:12 2 transporters, MackTheFife's ghost, journeyman OgFi
Vaults:4 1 runed translucent door, TPoD's ghost, adept HOMo


Message History

The deep troll shaman bites you!
The deep troll shaman claws you but does no damage. x2
You hear a shout!
35189 ||| READING 18 scrolls of teleportation.
As you read the scroll of teleportation, it crumbles to dust.
You feel strangely unstable.
The deep troll shaman calls upon its god to speed up the deep troll.
The deep troll seems to speed up.
The ettin hits you but does no damage.
The ettin hits you with a +0 dire flail of holy wrath.
35190 ||| DRINKING potion of heal wounds.
You feel much better. The deep troll shaman misses you.
The deep troll shaman closely misses you.
The deep troll shaman completely misses you.
The ettin hits you but does no damage. x2
Lua error: [string "/dgldir/rcfiles/crawl-git/qwlua.rc"]:4088: Error in coroutine: [string "/dgldir/rcfiles/crawl-git/qwlua.rc"]:8917: attempt to call global 'read_unided_potion' (a nil value) Lua error: [string "/dgldir/rcfiles/crawl-git/qwlua.rc"]:4088: Error in coroutine: cannot resume dead coroutine Lua error: [string "/dgldir/rcfiles/crawl-git/qwlua.rc"]:4088: Error in coroutine: cannot resume dead coroutine Lua error: [string "/dgldir/rcfiles/crawl-git/qwlua.rc"]:4088: Error in coroutine: cannot resume dead coroutine [Hit ESC to exit interpreter.] > dsay(c_persist.potion_id)
35191 ||| { } > Lua error: [string "/dgldir/rcfiles/crawl-git/qwlua.rc"]:4088: Error in coroutine: cannot resume dead coroutine Lua error: [string "/dgldir/rcfiles/crawl-git/qwlua.rc"]:4088: Error in coroutine: cannot resume dead coroutine Lua error: [string "/dgldir/rcfiles/crawl-git/qwlua.rc"]:4088: Error in coroutine: cannot resume dead coroutine You are about to teleport.
Your blows are lightning fast.
You are flying.
Your flying speed is average.
Your attack delay is about 0.8 (and is slowed by your armour).
Your damage rating with the +27 heavy crossbow "Sniper" {heavy, Acc+∞ SInv} is about 157 (Base [23 + 18 (Hvy)] x 152% (Dex) x 204% (Skill) + 30 (Ench + Slay)).
Your base attributes are Str 16, Int 12, Dex 21.
Lua error: [string "/dgldir/rcfiles/crawl-git/qwlua.rc"]:4088: Error in coroutine: cannot resume dead coroutine Lua error: [string "/dgldir/rcfiles/crawl-git/qwlua.rc"]:4088: Error in coroutine: cannot resume dead coroutine Lua error: [string "/dgldir/rcfiles/crawl-git/qwlua.rc"]:4088: Error in coroutine: cannot resume dead coroutine Welcome back, qw the Gargoyle Hunter.
Game seed: 4650116273386822121 (custom seed) Okawaru says: Bring me glory in combat!
Press ? for a list of commands and other information.
35191 ||| PLANNING DEPTHS Are you sure you want to abandon this character and quit the game? (Confirm with "yes".)

.. .#.. #.. .#...# #..
...# #...#.#... #.. .
..#.. ..#...#.. ..#...
.#...###.....###...#.<
....#..#.....#@C#.....
...#...#..u..#CT.#.:
$.....#.#.uC#T#T..y..C
.....#...#.#...#......
.......T..............
#######....#########..
####..# . ##..# #.#


You could see a fire giant, an iron troll, an ettin, a spark wasp, a deep troll
(fast) and a deep troll shaman.

Vanquished Creatures
  A juggernaut (Depths:1)
  Bai Suzhen (Shoals:3)
  A caustic shrike (Depths:1)
  Margery (Vaults:2)
  Vashnia (Snake:2)
  Nikola (Snake:1)
  Jorgrun (Orc:1)
  Zenata (Vaults:2)
  2 liches
  4 sphinxes
  A kraken (Shoals:1)
  Gastronok (D:10)
  A shadow dragon (Depths:1)
  A tengu reaver (Depths:2)
  Kirke (Shoals:1)
  Agnes (D:14)
  Ilsuiw (Shoals:3)
  Aizul (Snake:1)
  3 fire giants (Depths:1)
  A nagaraja (Snake:4)
  A fire giant (shapeshifter) (Depths:1)
  12 vault wardens
  5 frost giants
  2 orc warlords
  21 ironbound preservers
  4 formless jellyfish
  7 very ugly things
  A war gargoyle (Vaults:4)
  A stone giant (Depths:1)
  7 ironbound thunderhulks
  A deep elf demonologist (Vaults:1)
  Nessos (Orc:2)
  5 spark wasps
  10 dire elephants
  A minotaur (Gauntlet)
  3 ettins
  3 merfolk javelineers
  10 merfolk impalers
  6 fire dragons
  9 yaktaur captains
  2 entropy weavers
  5 ice dragons
  7 ironbound frosthearts
  3 great orbs of eyes
  4 hydras
  15 vault guards
  Harold (D:10)
  4 rakshasas (Depths:1)
  6 salamander tyrants (Snake:4)
  2 boulder beetles (D:11)
  A catoblepas (D:14)
  12 anacondas
  3 two-headed ogres
  Erica (D:10)
  13 centaur warriors
  2 merfolk avatars (Shoals:2)
  3 merfolk aquamancers
  A hell hog (Gauntlet)
  14 naga warriors
  2 tengu warriors
  3 death yaks (Lair:5)
  3 satyrs
  2 spriggan berserkers (Depths:1)
  7 shock serpents
  12 naga sharpshooters
  2 orc high priests (Orc:2)
  A deep troll earth mage (Depths:1)
  5 spriggans (Depths:1)
  4 hell knights
  Amaemon (D:10)
  Sonja (Orc:1)
  2 soul eaters (Depths:2)
  Nergalle (Orc:1)
  2 sun demons (Depths:2)
  A shadow wraith (D:14)
  6 salamander mystics (Snake:4)
  4 skeletal warriors (D:13)
  5 skysharks
  46 deep trolls
  9 sea snakes
  2 glowing orange brains
  38 slime creatures
  12 wizards
  5 naga ritualists
  A swamp dragon (Lair:5)
  A tengu zombie (Depths:1)
  8 lindwurms
  A phantasmal warrior (Vaults:1)
  4 orc knights
  A deep elf zephyrmancer (D:15)
  2 deep elf pyromancers
  30 harpies
  25 fauns
  12 mana vipers
  A wolf spider zombie (D:15)
  6 ironbound convokers
  7 necromancers
  2 wolf spiders
  11 cyclopes
  40 ugly things
  5 manticores
  20 salamanders
  10 orc sorcerers
  8 guardian serpents
  38 black mambas
  15 elephants
  A stone giant skeleton (Depths:1)
  8 merfolk sirens
  14 vault sentinels
  3 gargoyles
  13 naga magi
  4 water nymphs
  11 cane toads
  3 smoke demons
  A yaktaur zombie (Vaults:3)
  An orange demon (D:10)
  A rime drake (shapeshifter) (D:14)
  A centaur skeleton (D:15)
  25 yaktaurs
  2 tengu conjurers
  2 unseen horrors
  6 komodo dragons
  2 minotaur zombies (Gauntlet)
  A freezing wraith (D:14)
  5 rime drakes
  An efreet (D:13)
  2 burning bushes (Lair:2)
  A human skeleton (Vaults:3)
  A polar bear (Lair:2)
  6 trolls
  5 snapping turtles
  6 wind drakes
  11 blink frogs
  34 merfolk
  2 raiju (Gauntlet)
  10 hornets
  Prince Ribbit (D:5)
  5 dream sheep (Shoals:1)
  A deep troll skeleton (Vaults:3)
  A centaur simulacrum (D:15)
  3 wraiths
  A shadow (D:9)
  A culicivora (Vaults:3)
  4 basilisks
  12 wyverns
  A human (Shoals:1)
  2 hogs (Shoals:1)
  2 fire bats (Gauntlet)
  8 water elementals
  39 yaks
  7 redbacks
  12 vampire mosquitoes
  Menkaure (D:6)
  3 steam dragons
  32 nagas
  2 wargs
  2 hell hounds (Gauntlet)
  5 acid dragons
  23 water moccasins
  A swamp drake (Lair:5)
  2 black bears
  A tengu skeleton (Depths:1)
  25 orc warriors
  2 sky beasts
  6 ogres
  A tengu (shapeshifter) (D:15)
  6 centaurs
  Blork the orc (Orc:2)
  6 kobold brigands
  8 bullfrogs
  A gnoll sergeant (D:7)
  4 scorpions
  A hornet simulacrum (D:15)
  13 wights
  3 killer bees (D:4)
  16 electric eels
  4 crimson imps (Gauntlet)
  4 hounds
  13 jellies (Lair:5)
  2 gnoll boudas
  20 orc priests
  A sleepcap (D:4)
  7 iguanas
  27 orc wizards
  2 lightning spires (Gauntlet)
  22 gnolls
  A river rat (D:3)
  6 adders
  A shadow imp (D:5)
  A white imp (D:6)
  3 worms
  3 dart slugs
  63 orcs
  11 endoplasms
  4 giant cockroaches
  5 goblins
  5 hobgoblins
  24 kobolds
  6 quokkas
  8 ball pythons
  5 bats
  2 frilled lizards
  3 rats
  A tentacle (Shoals:1)
1361 creatures vanquished.

Vanquished Creatures (others)
  A sea snake (Shoals:1)
  A wight (D:9)
  An electric eel (D:9)
  4 tentacles (Shoals:1)
7 creatures vanquished.

Grand Total: 1368 creatures vanquished

Notes
Turn   | Place    | Note
-------+----------+-------------------------------------------
     0 | D:1      | qw the Gargoyle Hunter began the quest for the Orb.
     0 | D:1      | Reached XP level 1. HP: 12/12 MP: 1/1
     0 | D:1      | 0 ||| qw: Version: 0.3-a-94-gcd2660c
     0 | D:1      | 0 ||| qw: Game counter: 46
     0 | D:1      | 0 ||| qw: Melee chars always use a shield: true
     0 | D:1      | 0 ||| qw: God list: Okawaru
     0 | D:1      | 0 ||| qw: Allow faded altars: false
     0 | D:1      | 0 ||| qw: Do Orc after clearing Dungeon:15 true
     0 | D:1      | 0 ||| qw: Do second Lair branch before Depths: true
     0 | D:1      | 0 ||| qw: Lair rune preference: random
     0 | D:1      | 0 ||| qw: Goals: Normal, Save, Zot:1-4, Win
     0 | D:1      | 0 ||| PLANNING D:1-11
    59 | D:1      | Reached XP level 2. HP: 17/17 MP: 2/2
   222 | D:1      | Reached XP level 3. HP: 21/21 MP: 3/3
   253 | D:1      | Reached skill level 5 in Ranged Weapons
   578 | D:1      | 578 ||| UPGRADING to +5 ring of evasion.
   579 | D:1      | 579 ||| PLANNING D:1-11
   579 | D:1      | 579 ||| READING scroll labelled VOLOR SAGATOHE.
   580 | D:1      | 580 ||| READING scroll labelled LAEHI BEGGOAT.
   581 | D:1      | 581 ||| READING 2 scrolls labelled CINGURYQO.
   582 | D:1      | 582 ||| READING scroll labelled MYUHAFU AG VUH.
   598 | D:1      | 598 ||| DROPPING scroll of butterflies.
   739 | D:2      | Reached skill level 3 in Fighting
   905 | D:2      | Found Likharch's Antique Weapon Boutique.
  1027 | D:2      | Found a shadowy altar of Dithmenos.
  1273 | D:2      | 1273 ||| UPGRADING to +0 ring mail.
  1283 | D:2      | 1283 ||| DROPPING +0 leather armour.
  1284 | D:2      | 1284 ||| UPGRADING to amulet of regeneration.
  1289 | D:2      | 1289 ||| READING scroll labelled CYDAUWIASM.
  1290 | D:2      | 1290 ||| READING scroll labelled LOUXEU DEVVOUQ.
  1293 | D:2      | 1293 ||| DRINKING 2 smoky green potions.
  1330 | D:3      | 1330 ||| PLANNING SEWER
  1365 | D:3      | Reached skill level 1 in Armour
  1365 | D:3      | Reached XP level 4. HP: 28/28 MP: 4/4
  1575 | D:3      | Found a hazy altar of Hepliaklqana.
  1717 | D:3      | 1717 ||| DRINKING metallic sapphire potion.
  1718 | D:3      | 1718 ||| DRINKING cyan potion.
  1728 | D:3      | Reached XP level 5. HP: 29/32 MP: 5/5
  2075 | D:3      | 2075 ||| RIP SEWER
  2090 | D:3      | 2090 ||| PLANNING D:1-11
  2090 | D:3      | 2090 ||| UPGRADING to +0 robe of fire resistance.
  2100 | D:3      | 2100 ||| DROPPING ring of wizardry.
  2101 | D:3      | 2101 ||| READING scroll labelled WITHROGRE SESOO.
  2102 | D:3      | 2102 ||| READING scroll labelled MAD CUJOEROMMYL.
  2103 | D:3      | 2103 ||| DRINKING 2 metallic coppery potions.
  2104 | D:3      | 2104 ||| READING 2 scrolls of identify.
  2104 | D:3      | 2104 ||| IDENTIFYING puce potion
  2105 | D:3      | 2105 ||| DROPPING potion of lignification.
  2119 | D:4      | Noticed an ogre
  2124 | D:4      | 2124 ||| STAIRDANCE
  2131 | D:4      | Killed an ogre
  2132 | D:4      | Reached skill level 6 in Ranged Weapons
  2267 | D:4      | Reached XP level 6. HP: 34/37 MP: 6/6
  2273 | D:4      | 2273 ||| DRINKING green potion.
  2274 | D:4      | 2274 ||| DRINKING fuming dark potion.
  2323 | D:4      | Found a staircase to the Ecumenical Temple.
  2324 | D:4      | 2324 ||| PLANNING TEMPLE
  2324 | D:4      | 2324 ||| READING 2 scrolls labelled HEINAA XETHREG.
  2325 | D:4      | 2325 ||| READING scroll of enchant weapon.
  2325 | D:4      | 2325 ||| ENCHANTING +1 shortbow of draining.
  2326 | D:4      | 2326 ||| READING scroll labelled ZIS BOID SELUARCHY.
  2435 | Temple   | Entered the Ecumenical Temple
  2436 | Temple   | 2436 ||| PLANNING OKAWARU WORSHIP
  2444 | Temple   | Became a worshipper of Warmaster Okawaru
  2445 | Temple   | 2445 ||| PLANNING D:1-11
  2540 | D:4      | 2540 ||| RETREEAATING.
  2558 | D:4      | Reached skill level 7 in Ranged Weapons
  2560 | D:4      | 2560 ||| FLEEEEING.
  2594 | D:4      | Identified the staff of Harmony {rElec rPois rF- rC++ Int+2
                  | Air}
  2653 | D:4      | Reached XP level 7. HP: 44/44 MP: 7/7
  2923 | D:4      | 2923 ||| DROPPING +0 ring mail.
  2924 | D:4      | 2924 ||| UPGRADING to +0 pair of boots.
  2929 | D:4      | 2929 ||| UPGRADING to +3 leather armour.
  2939 | D:4      | 2939 ||| READING scroll labelled VUMIJU UFRO.
  2990 | D:5      | Entered Level 5 of the Dungeon
  3000 | D:5      | Reached * piety under Okawaru
  3018 | D:5      | Noticed Prince Ribbit
  3019 | D:5      | 3019 ||| INVOKING Heroism.
  3026 | D:5      | Killed Prince Ribbit
  3027 | D:5      | Reached skill level 8 in Ranged Weapons
  3067 | D:5      | Noticed a +0 hand axe
  3067 | D:5      | Noticed a +0 hand axe
  3073 | D:5      | Found a hide-covered altar of Uskayaw.
  3219 | D:5      | Reached skill level 1 in Invocations
  3225 | D:5      | Reached XP level 8. HP: 49/49 MP: 8/8
  3234 | D:5      | Found an ornate altar of the Wu Jian Council.
  3362 | D:5      | 3362 ||| INVOKING Heroism.
  3393 | D:5      | Found a sacrificial altar of Ru.
  3449 | D:5      | Found a sparkling altar of Nemelex Xobeh.
  3573 | D:5      | 3573 ||| READING 2 scrolls labelled FIDOHA UFAROM.
  3574 | D:5      | 3574 ||| READING 2 scrolls labelled HAMNOCKA AXTY.
  3575 | D:5      | 3575 ||| READING scroll of enchant armour.
  3575 | D:5      | 3575 ||| ENCHANTING +0 pair of boots.
  3576 | D:5      | 3576 ||| DROPPING scroll of vulnerability.
  3627 | D:6      | 3627 ||| Stepping ~*~*~tactically~*~*~ (retreating).
  3632 | D:6      | Reached skill level 3 in Invocations
  3718 | D:6      | 3718 ||| FLEEEEING.
  3719 | D:6      | 3719 ||| FLEEEEING.
  3728 | D:6      | Reached skill level 9 in Ranged Weapons
  3753 | D:6      | Reached ** piety under Okawaru
  3772 | D:6      | Noticed Menkaure
  3779 | D:6      | Killed Menkaure
  3796 | D:6      | Reached skill level 6 in Fighting
  3833 | D:6      | Reached XP level 9. HP: 56/56 MP: 12/12
  3889 | D:6      | 3889 ||| READING 3 scrolls labelled XASTRY LUUTSEL.
  3890 | D:6      | 3890 ||| READING 2 scrolls of identify.
  3890 | D:6      | 3890 ||| IDENTIFYING murky inky potion
  3891 | D:6      | 3891 ||| DROPPING 2 scrolls of amnesia.
  3892 | D:6      | 3892 ||| DROPPING potion of degeneration.
  4216 | D:6      | 4216 ||| FLEEEEING.
  4217 | D:6      | 4217 ||| FLEEEEING.
  4218 | D:6      | 4218 ||| FLEEEEING.
  4219 | D:6      | 4219 ||| FLEEEEING.
  4229 | D:6      | Reached skill level 10 in Ranged Weapons
  4313 | D:6      | 4313 ||| INVOKING Heroism.
  4315 | D:6      | Reached skill level 3 in Dodging
  4429 | D:6      | 4429 ||| DROPPING amulet of magic regeneration.
  4498 | D:7      | 4498 ||| SWAPPING to +0 orcbow.
  4499 | D:7      | 4499 ||| DROPPING +2 shortbow of draining.
  4500 | D:7      | 4500 ||| READING scroll of enchant armour.
  4500 | D:7      | 4500 ||| ENCHANTING +1 pair of boots.
  4507 | D:7      | 4507 ||| READING scroll of enchant weapon.
  4507 | D:7      | 4507 ||| ENCHANTING +0 orcbow.
  4774 | D:7      | Found a broken altar of Ashenzari.
  4822 | D:7      | Reached *** piety under Okawaru
  4843 | D:7      | Noticed a gargoyle
  4844 | D:7      | 4844 ||| INVOKING Heroism.
  4866 | D:7      | Killed a gargoyle
  4867 | D:7      | Reached skill level 11 in Ranged Weapons
  4901 | D:7      | 4901 ||| FLEEEEING.
  4920 | D:7      | 4920 ||| FLEEEEING.
  4962 | D:7      | 4962 ||| FLEEEEING.
  5046 | D:7      | 5046 ||| RETREEAATING.
  5141 | D:7      | Reached XP level 10. HP: 64/64 MP: 13/13
  5316 | D:7      | 5316 ||| UPGRADING to +1 cloak.
  5375 | D:8      | 5375 ||| READING 2 scrolls of brand weapon.
  5375 | D:8      | 5375 ||| BRANDING +1 orcbow.
  5376 | D:8      | 5376 ||| READING scroll of brand weapon.
  5376 | D:8      | 5376 ||| BRANDING +1 orcbow of electrocution.
  5391 | D:8      | Found a glowing silver altar of Zin.
  5467 | D:8      | 5467 ||| READING scroll of enchant weapon.
  5467 | D:8      | 5467 ||| ENCHANTING +1 orcbow of draining.
  5468 | D:8      | Found Baceyff's Magic Scroll Shoppe.
  5479 | D:8      | 5479 ||| SHOPLISTING 2 scrolls of acquirement (1144 gold,
                  | have 439).
  5479 | D:8      | 5479 ||| BUYING scroll of enchant armour (82 gold).
  5479 | D:8      | Bought a scroll of enchant armour for 82 gold pieces
  5479 | D:8      | 5479 ||| BUYING scroll of enchant weapon (82 gold).
  5479 | D:8      | Bought a scroll of enchant weapon for 82 gold pieces
  5479 | D:8      | 5479 ||| BUYING scroll of identify (22 gold).
  5479 | D:8      | Bought a scroll of identify for 22 gold pieces
  5479 | D:8      | 5479 ||| BUYING scroll of identify (22 gold).
  5479 | D:8      | Bought a scroll of identify for 22 gold pieces
  5479 | D:8      | 5479 ||| BUYING scroll of identify (22 gold).
  5479 | D:8      | Bought a scroll of identify for 22 gold pieces
  5479 | D:8      | 5479 ||| BUYING scroll of identify (22 gold).
  5479 | D:8      | Bought a scroll of identify for 22 gold pieces
  5481 | D:8      | 5481 ||| READING scroll of enchant armour.
  5481 | D:8      | 5481 ||| ENCHANTING +1 cloak.
  5482 | D:8      | 5482 ||| READING scroll of enchant weapon.
  5482 | D:8      | 5482 ||| ENCHANTING +2 orcbow of draining.
  5514 | D:8      | Reached **** piety under Okawaru
  5515 | D:8      | Reached skill level 12 in Ranged Weapons
  5632 | D:8      | 5632 ||| RETREEAATING.
  5637 | D:8      | 5637 ||| Stepping ~*~*~tactically~*~*~ (retreating).
  5640 | D:8      | 5640 ||| Stepping ~*~*~tactically~*~*~ (retreating).
  5641 | D:8      | 5641 ||| Stepping ~*~*~tactically~*~*~ (retreating).
  5642 | D:8      | 5642 ||| Stepping ~*~*~tactically~*~*~ (retreating).
  5643 | D:8      | 5643 ||| Stepping ~*~*~tactically~*~*~ (retreating).
  5743 | D:8      | Found a runed translucent door.
  5743 | D:8      | Noticed a sixfirhy
  5851 | D:8      | Noticed qwqw's ghost (novice DsFi)
  5851 | D:8      | Noticed a nine-headed hydra
  5852 | D:8      | Found a runed translucent gate.
  5852 | D:8      | Found a runed translucent gate.
  5852 | D:8      | Found a runed translucent gate.
  6090 | D:8      | 6090 ||| UPGRADING to +0 pair of gloves.
  6095 | D:8      | 6095 ||| DROPPING amulet of guardian spirit.
  6096 | D:8      | 6096 ||| READING 5 scrolls of identify.
  6096 | D:8      | 6096 ||| IDENTIFYING bubbling silvery potion
  6097 | D:8      | 6097 ||| READING 4 scrolls of identify.
  6097 | D:8      | 6097 ||| IDENTIFYING fizzy dark potion
  6098 | D:8      | 6098 ||| READING 3 scrolls of identify.
  6098 | D:8      | 6098 ||| IDENTIFYING orange potion
  6099 | D:8      | 6099 ||| DROPPING potion of invisibility.
  6152 | D:9      | 6152 ||| RETREEAATING.
  6154 | D:9      | 6154 ||| RETREEAATING.
  6162 | D:9      | Reached skill level 6 in Invocations
  6165 | D:9      | 6165 ||| Stepping ~*~*~tactically~*~*~ (retreating).
  6166 | D:9      | 6166 ||| Stepping ~*~*~tactically~*~*~ (retreating).
  6167 | D:9      | 6167 ||| Stepping ~*~*~tactically~*~*~ (retreating).
  6168 | D:9      | 6168 ||| Stepping ~*~*~tactically~*~*~ (retreating).
  6177 | D:9      | 6177 ||| Stepping ~*~*~tactically~*~*~ (retreating).
  6185 | D:9      | Reached ***** piety under Okawaru
  6186 | D:9      | Reached skill level 3 in Armour
  6390 | D:9      | Received a gift from Okawaru
  6391 | D:9      | Reached XP level 11. HP: 68/68 MP: 16/16
  6393 | D:9      | Noticed a cyclops
  6394 | D:9      | 6394 ||| INVOKING Finesse.
  6403 | D:9      | 6403 ||| Stepping ~*~*~tactically~*~*~ (retreating).
  6416 | D:9      | Killed a cyclops
  6586 | D:9      | Found a glowing golden altar of the Shining One.
  6636 | D:9      | 6636 ||| FLEEEEING.
  6670 | D:9      | Found a burning altar of Makhleb.
  6672 | D:9      | Noticed a green death
  6780 | D:9      | 6780 ||| FLEEEEING.
  6957 | D:10     | Entered Level 10 of the Dungeon
  7016 | D:10     | Noticed Erica
  7017 | D:10     | 7017 ||| RETREEAATING.
  7023 | D:10     | 7023 ||| Stepping ~*~*~tactically~*~*~ (retreating).
  7024 | D:10     | 7024 ||| Stepping ~*~*~tactically~*~*~ (retreating).
  7029 | D:10     | 7029 ||| Stepping ~*~*~tactically~*~*~ (retreating).
  7030 | D:10     | 7030 ||| Stepping ~*~*~tactically~*~*~ (retreating).
  7033 | D:10     | 7033 ||| INVOKING Finesse.
  7047 | D:10     | 7047 ||| RETREEAATING.
  7048 | D:10     | 7048 ||| STILL RETREEAATING.
  7049 | D:10     | 7049 ||| STILL RETREEAATING.
  7050 | D:10     | 7050 ||| STILL RETREEAATING.
  7051 | D:10     | 7051 ||| STILL RETREEAATING.
  7052 | D:10     | 7052 ||| STILL RETREEAATING.
  7053 | D:10     | 7053 ||| STILL RETREEAATING.
  7053 | D:10     | Killed Erica
  7054 | D:10     | Reached skill level 13 in Ranged Weapons
  7054 | D:10     | 7054 ||| STILL RETREEAATING.
  7155 | D:10     | Reached skill level 9 in Invocations
  7160 | D:10     | Found a basalt altar of Yredelemnul.
  7193 | D:10     | Noticed Amaemon
  7194 | D:10     | 7194 ||| RETREEAATING.
  7196 | D:10     | 7196 ||| INVOKING Finesse.
  7213 | D:10     | Killed Amaemon
  7213 | D:10     | Received a gift from Okawaru
  7222 | D:10     | Reached skill level 9 in Fighting
  7390 | D:10     | Noticed a two-headed ogre
  7391 | D:10     | 7391 ||| INVOKING Finesse.
  7392 | D:10     | 7392 ||| RETREEAATING.
  7405 | D:10     | Killed a two-headed ogre
  7453 | D:10     | Noticed Harold
  7455 | D:10     | 7455 ||| INVOKING Finesse.
  7462 | D:10     | Killed Harold
  7463 | D:10     | Reached XP level 12. HP: 76/76 MP: 13/19
  7528 | D:10     | Reached skill level 14 in Ranged Weapons
  7749 | D:10     | Noticed Gastronok
  7750 | D:10     | 7750 ||| INVOKING Finesse.
  7764 | D:10     | Killed Gastronok
  7764 | D:10     | Received a gift from Okawaru
  7805 | D:10     | Found a shimmering blue altar of Sif Muna.
  7812 | D:10     | 7812 ||| UPGRADING to +0 troll leather armour.
  7830 | D:10     | 7830 ||| UPGRADING to +0 troll leather armour.
  7840 | D:10     | 7840 ||| DROPPING +3 leather armour.
  7841 | D:10     | 7841 ||| UPGRADING to +1 hat.
  7930 | D:11     | Noticed a boulder beetle
  7931 | D:11     | 7931 ||| INVOKING Finesse.
  7963 | D:11     | Killed a boulder beetle
  7974 | D:11     | Identified the +4 ring mail "Vamapno" {rElec Int+3 Slay+3}
  8015 | D:11     | Noticed a fire dragon
  8097 | D:11     | 8097 ||| Stepping ~*~*~tactically~*~*~ (retreating).
  8103 | D:11     | 8103 ||| Stepping ~*~*~tactically~*~*~ (retreating).
  8266 | D:11     | Reached skill level 15 in Ranged Weapons
  8296 | D:11     | Found a staircase to the Orcish Mines.
  8462 | D:11     | Noticed a boulder beetle
  8500 | D:11     | Found a staircase to the Lair.
  8619 | D:11     | Found a transporter.
  8619 | D:11     | Found a transporter.
  8661 | D:11     | Noticed a boulder beetle
  8662 | D:11     | 8662 ||| INVOKING Finesse.
  8676 | D:11     | Killed a boulder beetle
  8790 | D:11     | 8790 ||| PLANNING LAIR
  8790 | D:11     | 8790 ||| DROPPING +0 robe of fire resistance.
  8791 | D:11     | 8791 ||| UPGRADING to +4 ring mail "Vamapno" {rElec Int+3
                  | Slay+3}.
  8801 | D:11     | 8801 ||| DROPPING +0 troll leather armour.
  8852 | Lair:1   | Entered Level 1 of the Lair of Beasts
  9049 | Lair:1   | Received a gift from Okawaru
  9558 | Lair:1   | 9558 ||| READING 6 scrolls of identify.
  9558 | Lair:1   | 9558 ||| IDENTIFYING viscous sapphire potion
  9559 | Lair:1   | 9559 ||| DROPPING potion of attraction.
  9594 | Lair:2   | Noticed a five-headed hydra
  9595 | Lair:2   | 9595 ||| INVOKING Finesse.
  9596 | Lair:2   | 9596 ||| STAIRDANCE
  9628 | Lair:2   | 9628 ||| INVOKING Finesse.
  9640 | Lair:2   | Killed a five-headed hydra
  9641 | Lair:2   | Reached skill level 6 in Armour
  9645 | Lair:2   | 9645 ||| STAIRDANCE
  9685 | Lair:2   | 9685 ||| FLEEEEING.
  9686 | Lair:2   | 9686 ||| STAIRDANCE
  9813 | Lair:2   | 9813 ||| INVOKING Heroism.
  9875 | Lair:2   | 9875 ||| RETREEAATING.
  9884 | Lair:2   | 9884 ||| STILL RETREEAATING.
  9906 | Lair:2   | 9906 ||| READING scroll of enchant armour.
  9906 | Lair:2   | 9906 ||| ENCHANTING +0 pair of gloves.
 10207 | Lair:2   | 10207 ||| RETREEAATING.
 10210 | Lair:2   | Reached XP level 13. HP: 82/82 MP: 20/20
 10521 | Lair:2   | 10521 ||| DROPPING +2 cloak.
 10545 | Lair:3   | 10545 ||| RETREEAATING.
 10546 | Lair:3   | 10546 ||| STILL RETREEAATING.
 10547 | Lair:3   | 10547 ||| STILL RETREEAATING.
 10548 | Lair:3   | 10548 ||| STILL RETREEAATING.
 10549 | Lair:3   | 10549 ||| STILL RETREEAATING.
 10552 | Lair:3   | 10552 ||| INVOKING Heroism.
 10557 | Lair:3   | Reached skill level 16 in Ranged Weapons
 10564 | Lair:3   | 10564 ||| Stepping ~*~*~tactically~*~*~ (retreating).
 10565 | Lair:3   | 10565 ||| RETREEAATING.
 10566 | Lair:3   | 10566 ||| STILL RETREEAATING.
 10568 | Lair:3   | 10568 ||| RETREEAATING.
 10570 | Lair:3   | 10570 ||| Stepping ~*~*~tactically~*~*~ (retreating).
 10571 | Lair:3   | 10571 ||| Stepping ~*~*~tactically~*~*~ (retreating).
 10572 | Lair:3   | 10572 ||| RETREEAATING.
 10579 | Lair:3   | 10579 ||| Stepping ~*~*~tactically~*~*~ (retreating).
 10580 | Lair:3   | 10580 ||| Stepping ~*~*~tactically~*~*~ (retreating).
 10581 | Lair:3   | 10581 ||| Stepping ~*~*~tactically~*~*~ (retreating).
 10582 | Lair:3   | 10582 ||| Stepping ~*~*~tactically~*~*~ (retreating).
 10897 | Lair:3   | 10897 ||| READING scroll of enchant weapon.
 10897 | Lair:3   | 10897 ||| ENCHANTING +3 orcbow of draining.
 10898 | Lair:3   | 10898 ||| DROPPING +0 arbalest.
 10942 | Lair:3   | Found a staircase to the Snake Pit.
 10970 | Lair:3   | Found a staircase to the Shoals.
 11054 | Lair:3   | Found a dark tunnel.
 11215 | Lair:3   | 11215 ||| DROPPING scarf of harm.
 11216 | Lair:3   | 11216 ||| READING scroll labelled HYESIC KO KUBBIN.
 11246 | Lair:4   | 11246 ||| PLANNING GAUNTLET
 11295 | Lair:4   | 11295 ||| RETREEAATING.
 11296 | Lair:4   | 11296 ||| STILL RETREEAATING.
 11297 | Lair:4   | 11297 ||| STILL RETREEAATING.
 11298 | Lair:4   | 11298 ||| STILL RETREEAATING.
 11299 | Lair:4   | 11299 ||| STILL RETREEAATING.
 11300 | Lair:4   | 11300 ||| STILL RETREEAATING.
 11302 | Lair:4   | 11302 ||| Stepping ~*~*~tactically~*~*~ (retreating).
 11303 | Lair:4   | 11303 ||| Stepping ~*~*~tactically~*~*~ (retreating).
 11304 | Lair:4   | 11304 ||| Stepping ~*~*~tactically~*~*~ (retreating).
 11305 | Lair:4   | 11305 ||| Stepping ~*~*~tactically~*~*~ (retreating).
 11306 | Lair:4   | 11306 ||| Stepping ~*~*~tactically~*~*~ (retreating).
 11321 | Lair:4   | Received a gift from Okawaru
 11339 | Lair:4   | 11339 ||| READING scroll of enchant weapon.
 11339 | Lair:4   | 11339 ||| ENCHANTING +4 orcbow of draining.
 11556 | Lair:4   | Found a gate leading to a gauntlet.
 11557 | Lair:4   | 11557 ||| UPGRADING to +0 helmet.
 11567 | Lair:4   | 11567 ||| DROPPING scarf of harm.
 11568 | Lair:4   | 11568 ||| DROPPING +1 hat.
 11582 | Gauntlet | Entered a Gauntlet
 11582 | Gauntlet | Found a transporter.
 11582 | Gauntlet | Found a transporter.
 11582 | Gauntlet | Found a transporter.
 11586 | Gauntlet | Found a transporter.
 11587 | Gauntlet | Found a transporter.
 11598 | Gauntlet | Found a transporter.
 11600 | Gauntlet | Found a transporter.
 11610 | Gauntlet | Found a transporter.
 11700 | Gauntlet | Found a transporter.
 11700 | Gauntlet | Found the ring of the Hare {EV+10}
 11714 | Gauntlet | Found a transporter.
 11714 | Gauntlet | Found a transporter.
 11724 | Gauntlet | Found a transporter.
 11801 | Gauntlet | Identified the +0 helmet of Fortitude {Dex+4}
 11803 | Gauntlet | 11803 ||| UPGRADING to +0 helmet of Fortitude {Dex+4}.
 11813 | Gauntlet | 11813 ||| DROPPING +0 helmet.
 11844 | Gauntlet | Identified the ring "Qephea" {Fire Int+2 Dex+3}
 11846 | Gauntlet | 11846 ||| UPGRADING to ring "Qephea" {Fire Int+2 Dex+3}.
 11853 | Gauntlet | 11853 ||| Stepping ~*~*~tactically~*~*~ (retreating).
 11854 | Gauntlet | 11854 ||| Stepping ~*~*~tactically~*~*~ (retreating).
 11855 | Gauntlet | 11855 ||| Stepping ~*~*~tactically~*~*~ (retreating).
 11856 | Gauntlet | 11856 ||| Stepping ~*~*~tactically~*~*~ (retreating).
 11856 | Gauntlet | Noticed a blizzard demon
 11857 | Gauntlet | 11857 ||| Stepping ~*~*~tactically~*~*~ (retreating).
 11904 | Gauntlet | Identified the ring of the Cast Vote {rF+ Str+5}
 11908 | Gauntlet | Identified the +4 dire flail of the Nurturing Fool {heavy,
                  | rF+ rC+ Will- Str+7 Int-5}
 11909 | Gauntlet | 11909 ||| UPGRADING to ring of the Cast Vote {rF+ Str+5}.
 11921 | Gauntlet | Noticed a minotaur
 11922 | Gauntlet | 11922 ||| INVOKING Finesse.
 11929 | Gauntlet | Killed a minotaur
 11969 | Gauntlet | Identified the ring of Maro Ank {Wiz rF- Will+ Int+2}
 11992 | Gauntlet | Reached skill level 6 in Dodging
 12028 | Gauntlet | 12028 ||| UPGRADING to amulet of faith.
 12048 | Lair:4   | 12048 ||| PLANNING LAIR
 12474 | Lair:4   | 12474 ||| UPGRADING to scarf of repulsion.
 12512 | Lair:5   | Entered Level 5 of the Lair of Beasts
 12541 | Lair:5   | 12541 ||| RETREEAATING.
 12548 | Lair:5   | Found a staircase to the Slime Pits.
 12562 | Lair:5   | 12562 ||| RETREEAATING.
 12563 | Lair:5   | 12563 ||| STILL RETREEAATING.
 12566 | Lair:5   | 12566 ||| RETREEAATING.
 12567 | Lair:5   | 12567 ||| Stepping ~*~*~tactically~*~*~ (retreating).
 12568 | Lair:5   | 12568 ||| Stepping ~*~*~tactically~*~*~ (retreating).
 12569 | Lair:5   | 12569 ||| Stepping ~*~*~tactically~*~*~ (retreating).
 12591 | Lair:5   | 12591 ||| RETREEAATING.
 12593 | Lair:5   | 12593 ||| STILL RETREEAATING.
 12594 | Lair:5   | 12594 ||| STILL RETREEAATING.
 12596 | Lair:5   | 12596 ||| STILL RETREEAATING.
 12606 | Lair:5   | Reached skill level 12 in Fighting
 12689 | Lair:5   | 12689 ||| RETREEAATING.
 12691 | Lair:5   | 12691 ||| STILL RETREEAATING.
 12693 | Lair:5   | 12693 ||| STILL RETREEAATING.
 12696 | Lair:5   | 12696 ||| Stepping ~*~*~tactically~*~*~ (retreating).
 12697 | Lair:5   | 12697 ||| Stepping ~*~*~tactically~*~*~ (retreating).
 12698 | Lair:5   | 12698 ||| Stepping ~*~*~tactically~*~*~ (retreating).
 12699 | Lair:5   | 12699 ||| Stepping ~*~*~tactically~*~*~ (retreating).
 12700 | Lair:5   | 12700 ||| Stepping ~*~*~tactically~*~*~ (retreating).
 12701 | Lair:5   | 12701 ||| Stepping ~*~*~tactically~*~*~ (retreating).
 12702 | Lair:5   | 12702 ||| Stepping ~*~*~tactically~*~*~ (retreating).
 12772 | Lair:5   | Reached ****** piety under Okawaru
 12773 | Lair:5   | 12773 ||| INVOKING Receive Weapon.
 12773 | Lair:5   | 12773 ||| 12773 ||| Offered +5 longbow of the Grave
                  | {freeze, Fly rC+} with value 3650
 12773 | Lair:5   | 12773 ||| 12773 ||| Offered +8 triple sword "Imenucra"
                  | {drain, Int+6 Dex-5} with value -1
 12773 | Lair:5   | 12773 ||| 12773 ||| Offered +1 orcbow of freezing with
                  | value 2755
 12773 | Lair:5   | 12773 ||| 12773 ||| Offered +6 arbalest "Damnation"
                  | {damnation} with value 3925.4545454545
 12773 | Lair:5   | 12773 ||| ACQUIRING +6 arbalest "Damnation" {damnation}
 12773 | Lair:5   | Acquired the +6 arbalest "Damnation" {damnation}
 12773 | Lair:5   | Received a gift from Okawaru
 12773 | Lair:5   | Found the +6 arbalest "Damnation" {damnation}
 12774 | Lair:5   | 12774 ||| INVOKING Receive Armour.
 12774 | Lair:5   | 12774 ||| 12774 ||| Offered +0 cloak of poison resistance
                  | with value difference -137.5
 12774 | Lair:5   | 12774 ||| 12774 ||| Offered +0 buckler of Negation {Harm
                  | rF+ Will+} with value difference nil
 12774 | Lair:5   | 12774 ||| 12774 ||| Offered +8 orange crystal plate armour
                  | {Archmagi, Int+3 Clar} with value difference nil
 12774 | Lair:5   | 12774 ||| 12774 ||| Offered +2 pair of boots of the Sky
                  | {Int+7} with value difference 0
 12774 | Lair:5   | 12774 ||| ACQUIRING +2 pair of boots of the Sky {Int+7}
 12774 | Lair:5   | Acquired the +2 pair of boots of the Sky {Int+7}
 12774 | Lair:5   | Received a gift from Okawaru
 12776 | Lair:5   | 12776 ||| SWAPPING to +6 arbalest "Damnation" {damnation}.
 12777 | Lair:5   | 12777 ||| DROPPING +5 orcbow of draining.
 12791 | Lair:5   | 12791 ||| RETREEAATING.
 12792 | Lair:5   | 12792 ||| STILL RETREEAATING.
 12793 | Lair:5   | 12793 ||| STILL RETREEAATING.
 12794 | Lair:5   | 12794 ||| STILL RETREEAATING.
 12804 | Lair:5   | Gained mutation: Your large and strong wings let you fly.
                  | [Gargoyle growth]
 12804 | Lair:5   | Reached XP level 14. HP: 80/92 MP: 21/21
 12807 | Lair:5   | 12807 ||| FLEEEEING.
 12808 | Lair:5   | 12808 ||| FLEEEEING.
 12809 | Lair:5   | 12809 ||| FLEEEEING.
 12810 | Lair:5   | 12810 ||| FLEEEEING.
 12813 | Lair:5   | Received a gift from Okawaru
 12888 | Lair:5   | Found the ring of the Tortoise {AC+8}
 12908 | Lair:5   | Reached skill level 17 in Ranged Weapons
 12910 | Lair:5   | 12910 ||| RETREEAATING.
 12914 | Lair:5   | 12914 ||| Stepping ~*~*~tactically~*~*~ (retreating).
 12915 | Lair:5   | 12915 ||| Stepping ~*~*~tactically~*~*~ (retreating).
 12916 | Lair:5   | 12916 ||| Stepping ~*~*~tactically~*~*~ (retreating).
 12917 | Lair:5   | 12917 ||| Stepping ~*~*~tactically~*~*~ (retreating).
 12918 | Lair:5   | 12918 ||| STAIRDANCE
 12922 | Lair:4   | 12922 ||| UPGRADING to ring of the Tortoise {AC+8}.
 12924 | Lair:4   | 12924 ||| DROPPING ring of Maro Ank {Wiz rF- Will+ Int+2}.
 12925 | Lair:4   | 12925 ||| DROPPING ring of ice.
 12926 | Lair:4   | 12926 ||| UPGRADING to +5 ring of evasion.
 12928 | Lair:4   | 12928 ||| READING 7 scrolls of identify.
 12928 | Lair:4   | 12928 ||| IDENTIFYING bubbling cyan potion
 12931 | Lair:5   | 12931 ||| STAIRDANCE
 12961 | Lair:5   | 12961 ||| STAIRDANCE
 12963 | Lair:4   | 12963 ||| Stepping ~*~*~tactically~*~*~ (retreating).
 12964 | Lair:4   | 12964 ||| Stepping ~*~*~tactically~*~*~ (retreating).
 12966 | Lair:4   | 12966 ||| Stepping ~*~*~tactically~*~*~ (retreating).
 13022 | Lair:5   | 13022 ||| STAIRDANCE
 13024 | Lair:4   | 13024 ||| Stepping ~*~*~tactically~*~*~ (retreating).
 13025 | Lair:4   | 13025 ||| Stepping ~*~*~tactically~*~*~ (retreating).
 13027 | Lair:4   | 13027 ||| Stepping ~*~*~tactically~*~*~ (retreating).
 13072 | Lair:5   | 13072 ||| STAIRDANCE
 13146 | Lair:5   | Received a gift from Okawaru
 13356 | Lair:5   | 13356 ||| FLEEEEING.
 13476 | Lair:5   | 13476 ||| RETREEAATING.
 13479 | Lair:5   | 13479 ||| STILL RETREEAATING.
 13480 | Lair:5   | 13480 ||| STILL RETREEAATING.
 13482 | Lair:5   | 13482 ||| Stepping ~*~*~tactically~*~*~ (retreating).
 13500 | Lair:5   | Reached skill level 18 in Ranged Weapons
 13585 | Lair:5   | 13585 ||| RETREEAATING.
 13586 | Lair:5   | 13586 ||| STILL RETREEAATING.
 13587 | Lair:5   | 13587 ||| Stepping ~*~*~tactically~*~*~ (retreating).
 13588 | Lair:5   | 13588 ||| Stepping ~*~*~tactically~*~*~ (retreating).
 13589 | Lair:5   | 13589 ||| Stepping ~*~*~tactically~*~*~ (retreating).
 13591 | Lair:5   | Received a gift from Okawaru
 13995 | Lair:5   | 13995 ||| PLANNING D
 14451 | D:12     | Found a transporter.
 14454 | D:12     | Noticed MackTheFife's ghost (journeyman OgFi)
 14490 | D:12     | Found a transporter.
 14868 | D:13     | Received a gift from Okawaru
 14869 | D:13     | 14869 ||| Stepping ~*~*~tactically~*~*~ (retreating).
 14870 | D:13     | 14870 ||| Stepping ~*~*~tactically~*~*~ (retreating).
 14889 | D:13     | 14889 ||| FLEEEEING.
 14890 | D:13     | 14890 ||| FLEEEEING.
 14891 | D:13     | 14891 ||| FLEEEEING.
 14892 | D:13     | 14892 ||| FLEEEEING.
 14893 | D:13     | 14893 ||| FLEEEEING.
 14894 | D:13     | 14894 ||| FLEEEEING.
 14896 | D:13     | 14896 ||| FLEEEEING.
 14897 | D:13     | 14897 ||| FLEEEEING.
 14898 | D:13     | 14898 ||| FLEEEEING.
 14899 | D:13     | 14899 ||| FLEEEEING.
 14900 | D:13     | 14900 ||| FLEEEEING.
 14901 | D:13     | 14901 ||| FLEEEEING.
 14961 | D:13     | Reached XP level 15. HP: 100/100 MP: 22/22
 14998 | D:13     | 14998 ||| INVOKING Finesse.
 15004 | D:13     | Received a gift from Okawaru
 15347 | D:13     | 15347 ||| DROPPING +2 pair of boots.
 15348 | D:13     | 15348 ||| DROPPING +1 pair of boots.
 15349 | D:13     | 15349 ||| DROPPING amulet of the acrobat.
 15376 | D:14     | 15376 ||| STAIRDANCE
 15384 | D:14     | Noticed Agnes
 15385 | D:14     | 15385 ||| STAIRDANCE
 15387 | D:13     | 15387 ||| Stepping ~*~*~tactically~*~*~ (retreating).
 15388 | D:13     | 15388 ||| Stepping ~*~*~tactically~*~*~ (retreating).
 15548 | D:14     | 15548 ||| Stepping ~*~*~tactically~*~*~ (retreating).
 15549 | D:14     | 15549 ||| Stepping ~*~*~tactically~*~*~ (retreating).
 15550 | D:14     | 15550 ||| Stepping ~*~*~tactically~*~*~ (retreating).
 15551 | D:14     | 15551 ||| Stepping ~*~*~tactically~*~*~ (retreating).
 15552 | D:14     | 15552 ||| INVOKING Finesse.
 15554 | D:14     | Killed Agnes
 15557 | D:14     | Reached skill level 9 in Armour
 15602 | D:14     | 15602 ||| Stepping randomly (disturbance).
 15603 | D:14     | 15603 ||| Stepping randomly (disturbance).
 15605 | D:14     | 15605 ||| Stepping randomly (disturbance).
 15608 | D:14     | 15608 ||| Stepping randomly (disturbance).
 15618 | D:14     | Received a gift from Okawaru
 16020 | D:14     | 16020 ||| RETREEAATING.
 16022 | D:14     | 16022 ||| RETREEAATING.
 16024 | D:14     | 16024 ||| Stepping ~*~*~tactically~*~*~ (retreating).
 16030 | D:14     | Reached skill level 9 in Dodging
 16167 | D:14     | Received a gift from Okawaru
 16366 | D:14     | Identified the +2 war axe "Beastbane" {freeze, Dex+6}
 16416 | D:14     | Found a gate to the Vaults.
 16424 | D:14     | 16424 ||| DROPPING +1 ring mail of cold resistance.
 16425 | D:14     | 16425 ||| READING scroll labelled IMACWOPRAVVE.
 16426 | D:14     | 16426 ||| READING 10 scrolls of identify.
 16426 | D:14     | 16426 ||| IDENTIFYING bubbling inky potion
 16427 | D:14     | 16427 ||| DROPPING potion of brilliance.
 16454 | D:15     | Entered Level 15 of the Dungeon
 16459 | D:15     | Reached skill level 15 in Fighting
 16459 | D:15     | 16459 ||| STAIRDANCE
 16475 | D:15     | 16475 ||| STAIRDANCE
 16488 | D:15     | 16488 ||| STAIRDANCE
 16554 | D:15     | 16554 ||| INVOKING Finesse.
 16641 | D:15     | 16641 ||| RETREEAATING.
 16645 | D:15     | 16645 ||| Stepping ~*~*~tactically~*~*~ (retreating).
 16648 | D:15     | Received a gift from Okawaru
 16651 | D:15     | 16651 ||| FLEEEEING.
 16652 | D:15     | 16652 ||| FLEEEEING.
 16653 | D:15     | 16653 ||| FLEEEEING.
 16654 | D:15     | 16654 ||| FLEEEEING.
 16655 | D:15     | 16655 ||| FLEEEEING.
 16656 | D:15     | 16656 ||| FLEEEEING.
 16657 | D:15     | 16657 ||| FLEEEEING.
 16658 | D:15     | 16658 ||| FLEEEEING.
 16834 | D:15     | Found a staircase to the Depths.
 16920 | D:15     | Found Waletuog's Magic Scroll Emporium.
 16929 | D:15     | 16929 ||| BUYING scroll of teleportation (42 gold).
 16929 | D:15     | Bought a scroll of teleportation for 42 gold pieces
 16929 | D:15     | 16929 ||| BUYING scroll of teleportation (42 gold).
 16929 | D:15     | Bought a scroll of teleportation for 42 gold pieces
 17180 | D:15     | 17180 ||| PLANNING ORC
 17306 | Orc:1    | Entered Level 1 of the Orcish Mines
 17311 | Orc:1    | 17311 ||| STAIRDANCE
 17316 | Orc:1    | 17316 ||| STAIRDANCE
 17323 | Orc:1    | 17323 ||| STAIRDANCE
 17363 | Orc:1    | 17363 ||| STAIRDANCE
 17366 | D:11     | Received a gift from Okawaru
 17369 | Orc:1    | 17369 ||| RETREEAATING.
 17370 | Orc:1    | 17370 ||| STILL RETREEAATING.
 17393 | Orc:1    | Noticed Jorgrun
 17394 | Orc:1    | 17394 ||| INVOKING Finesse.
 17400 | Orc:1    | Killed Jorgrun
 17531 | Orc:1    | Noticed Sonja
 17533 | Orc:1    | Killed Sonja
 17537 | Orc:1    | Noticed Nergalle
 17542 | Orc:1    | Killed Nergalle
 17543 | Orc:1    | Reached XP level 16. HP: 110/110 MP: 23/23
 17803 | Orc:2    | Entered Level 2 of the Orcish Mines
 17824 | Orc:2    | 17824 ||| RETREEAATING.
 17825 | Orc:2    | 17825 ||| STILL RETREEAATING.
 17826 | Orc:2    | 17826 ||| RETREEAATING.
 17827 | Orc:2    | 17827 ||| STILL RETREEAATING.
 17829 | Orc:2    | 17829 ||| INVOKING Finesse.
 18023 | Orc:2    | 18023 ||| RETREEAATING.
 18024 | Orc:2    | 18024 ||| Stepping ~*~*~tactically~*~*~ (retreating).
 18026 | Orc:2    | 18026 ||| STILL RETREEAATING.
 18029 | Orc:2    | 18029 ||| STILL RETREEAATING.
 18030 | Orc:2    | 18030 ||| STILL RETREEAATING.
 18031 | Orc:2    | 18031 ||| STILL RETREEAATING.
 18032 | Orc:2    | 18032 ||| STILL RETREEAATING.
 18033 | Orc:2    | 18033 ||| STILL RETREEAATING.
 18035 | Orc:2    | 18035 ||| STILL RETREEAATING.
 18036 | Orc:2    | 18036 ||| STILL RETREEAATING.
 18037 | Orc:2    | 18037 ||| STILL RETREEAATING.
 18038 | Orc:2    | 18038 ||| STILL RETREEAATING.
 18047 | Orc:2    | Received a gift from Okawaru
 18088 | Orc:2    | 18088 ||| FLEEEEING.
 18089 | Orc:2    | 18089 ||| FLEEEEING.
 18090 | Orc:2    | 18090 ||| FLEEEEING.
 18124 | Orc:2    | Found a staircase to the Elven Halls.
 18133 | Orc:2    | Noticed Blork the orc
 18134 | Orc:2    | Killed Blork the orc
 18181 | Orc:2    | Noticed Nessos
 18184 | Orc:2    | Killed Nessos
 18185 | Orc:2    | Found Xemabb's General Store.
 18188 | Orc:2    | Found Kirphaell's Antique Weapon Emporium.
 18197 | Orc:2    | 18197 ||| BUYING +27 heavy crossbow "Sniper" {heavy, Acc+∞
                  | SInv} (1760 gold).
 18197 | Orc:2    | Bought the +27 heavy crossbow "Sniper" {heavy, Acc+∞ SInv}
                  | for 1760 gold pieces
 18197 | Orc:2    | Found the +27 heavy crossbow "Sniper" {heavy, Acc+∞ SInv}
 18197 | Orc:2    | 18197 ||| SWAPPING to +27 heavy crossbow "Sniper" {heavy,
                  | Acc+∞ SInv}.
 18198 | Orc:2    | 18198 ||| DROPPING +6 arbalest "Damnation" {damnation}.
 18215 | Orc:2    | 18215 ||| BUYING scroll of teleportation (33 gold).
 18215 | Orc:2    | Bought a scroll of teleportation for 33 gold pieces
 18445 | Orc:2    | Found Gexubok's Mayhem Merchandise.
 18495 | Orc:2    | Found Caxakad's Antique Armour Emporium.
 18510 | Orc:2    | Found Liklaome's Jewellery Emporium.
 18518 | Orc:2    | 18518 ||| SHOPLISTING brooch of Shielding {Spirit SH+8}
                  | (975 gold, have 119).
 18518 | Orc:2    | 18518 ||| SHOPLISTING ring of Gozag's Scorn {rF+ Will+
                  | Str+3 Slay+3 Stlth+} (910 gold, have 119).
 18654 | Orc:2    | 18654 ||| PLANNING SHOALS:1-3
 18822 | Shoals:1 | Entered Level 1 of the Shoals
 18831 | Shoals:1 | Noticed Kirke
 18832 | Shoals:1 | 18832 ||| INVOKING Finesse.
 18835 | Shoals:1 | Killed Kirke
 18906 | Shoals:1 | Received a gift from Okawaru
 18919 | Shoals:1 | 18919 ||| RETREEAATING.
 18920 | Shoals:1 | 18920 ||| STILL RETREEAATING.
 18921 | Shoals:1 | 18921 ||| Stepping ~*~*~tactically~*~*~ (retreating).
 18922 | Shoals:1 | 18922 ||| Stepping ~*~*~tactically~*~*~ (retreating).
 18926 | Shoals:1 | 18926 ||| Stepping ~*~*~tactically~*~*~ (retreating).
 18930 | Shoals:1 | 18930 ||| STILL RETREEAATING.
 19308 | Shoals:1 | Reached skill level 19 in Ranged Weapons
 19421 | Shoals:1 | Received a gift from Okawaru
 19526 | Shoals:1 | Noticed a kraken
 19527 | Shoals:1 | 19527 ||| INVOKING Finesse.
 19529 | Shoals:1 | 19529 ||| INVOKING Heroism.
 19535 | Shoals:1 | Killed a kraken
 19536 | Shoals:1 | 19536 ||| RETREEAATING.
 19537 | Shoals:1 | 19537 ||| STILL RETREEAATING.
 19880 | Shoals:2 | Received a gift from Okawaru
 19911 | Shoals:2 | 19911 ||| FLEEEEING.
 19913 | Shoals:2 | 19913 ||| STAIRDANCE
 20198 | Shoals:2 | Reached skill level 20 in Ranged Weapons
 20206 | Shoals:2 | 20206 ||| RETREEAATING.
 20207 | Shoals:2 | 20207 ||| STILL RETREEAATING.
 20208 | Shoals:2 | 20208 ||| INVOKING Finesse.
 20212 | Shoals:2 | Reached XP level 17. HP: 111/116 MP: 18/24
 20314 | Shoals:2 | Received a gift from Okawaru
 20402 | Shoals:2 | Found Mulyrej's Distillery.
 20410 | Shoals:2 | 20410 ||| BUYING potion of curing (51 gold).
 20410 | Shoals:2 | Bought a potion of curing for 51 gold pieces
 20410 | Shoals:2 | 20410 ||| BUYING potion of curing (51 gold).
 20410 | Shoals:2 | Bought a potion of curing for 51 gold pieces
 20410 | Shoals:2 | 20410 ||| BUYING potion of enlightenment (85 gold).
 20410 | Shoals:2 | Bought a potion of enlightenment for 85 gold pieces
 20410 | Shoals:2 | 20410 ||| SHOPLISTING potion of mutation (136 gold, have
                  | 128).
 20442 | Shoals:2 | Identified the +0 hat of Okawaru's Castigation {rC++ Dex-5}
 20757 | Shoals:2 | Found Caunaq's Firing Range.
 20767 | Shoals:2 | 20767 ||| DROPPING +0 hat of Okawaru's Castigation {rC++
                  | Dex-5}.
 20768 | Shoals:2 | 20768 ||| DROPPING +6 ring of strength.
 20769 | Shoals:2 | 20769 ||| DRINKING 2 ruby potions.
 20769 | Shoals:2 | Gained mutation: You have large cloven feet. [potion of
                  | mutation]
 20769 | Shoals:2 | Gained mutation: You possess an exceptional clarity of
                  | mind. [potion of mutation]
 20802 | Shoals:3 | 20802 ||| STAIRDANCE
 20871 | Shoals:3 | Found Guukaot's Weapon Shop.
 21005 | Shoals:3 | Reached skill level 21 in Ranged Weapons
 21033 | Shoals:3 | 21033 ||| RETREEAATING.
 21034 | Shoals:3 | 21034 ||| STILL RETREEAATING.
 21037 | Shoals:3 | 21037 ||| STILL RETREEAATING.
 21042 | Shoals:3 | 21042 ||| STILL RETREEAATING.
 21045 | Shoals:3 | Received a gift from Okawaru
 21144 | Shoals:3 | Noticed Ilsuiw
 21149 | Shoals:3 | Killed Ilsuiw
 21442 | Shoals:3 | Noticed Bai Suzhen
 21443 | Shoals:3 | 21443 ||| INVOKING Finesse.
 21447 | Shoals:3 | Killed Bai Suzhen
 21643 | Shoals:3 | 21643 ||| PLANNING SNAKE:1-3
 21771 | Snake:1  | Entered Level 1 of the Snake Pit
 21918 | Snake:1  | Received a gift from Okawaru
 22222 | Snake:1  | Found Hadoxiz's Assorted Antiques.
 22232 | Snake:1  | 22232 ||| BUYING bone ring (165 gold).
 22232 | Snake:1  | Bought a bone ring for 165 gold pieces
 22232 | Snake:1  | 22232 ||| BUYING dyed leather armour (165 gold).
 22232 | Snake:1  | Bought a dyed leather armour for 165 gold pieces
 22232 | Snake:1  | 22232 ||| SHOPLISTING potion of mutation (264 gold, have
                  | 5).
 22232 | Snake:1  | 22232 ||| SHOPLISTING scroll of teleportation (99 gold,
                  | have 5).
 22513 | Snake:1  | Noticed Aizul
 22515 | Snake:1  | Killed Aizul
 22587 | Snake:1  | 22587 ||| DROPPING +3 leather armour.
 22588 | Snake:1  | 22588 ||| DROPPING ring of flight.
 22596 | Snake:2  | 22596 ||| STAIRDANCE
 22601 | Snake:2  | 22601 ||| STAIRDANCE
 22607 | Snake:2  | 22607 ||| STAIRDANCE
 22614 | Snake:2  | Noticed Nikola
 22616 | Snake:2  | Reached skill level 22 in Ranged Weapons
 22618 | Snake:2  | 22618 ||| INVOKING Finesse.
 22619 | Snake:2  | 22619 ||| STAIRDANCE
 22690 | Snake:2  | 22690 ||| STAIRDANCE
 22726 | Snake:2  | 22726 ||| STAIRDANCE
 22801 | Snake:2  | 22801 ||| INVOKING Finesse.
 22802 | Snake:2  | 22802 ||| STAIRDANCE
 22829 | Snake:2  | 22829 ||| STAIRDANCE
 22839 | Snake:2  | 22839 ||| STAIRDANCE
 22877 | Snake:2  | 22877 ||| STAIRDANCE
 22879 | Snake:1  | 22879 ||| INVOKING Finesse.
 22881 | Snake:1  | Killed Nikola
 22881 | Snake:1  | Received a gift from Okawaru
 22909 | Snake:2  | 22909 ||| STAIRDANCE
 22932 | Snake:2  | 22932 ||| STAIRDANCE
 22937 | Snake:2  | 22937 ||| STAIRDANCE
 22944 | Snake:2  | Noticed Vashnia
 22945 | Snake:2  | 22945 ||| INVOKING Finesse.
 22946 | Snake:2  | 22946 ||| STAIRDANCE
 23024 | Snake:2  | 23024 ||| INVOKING Finesse.
 23026 | Snake:2  | Killed Vashnia
 23159 | Snake:2  | Found a hide-covered altar of Uskayaw.
 23484 | Snake:3  | 23484 ||| Stepping ~*~*~tactically~*~*~ (retreating).
 23486 | Snake:3  | Reached XP level 18. HP: 122/122 MP: 25/25
 23556 | Snake:3  | 23556 ||| RETREEAATING.
 23594 | Snake:3  | 23594 ||| RETREEAATING.
 23595 | Snake:3  | 23595 ||| STILL RETREEAATING.
 23606 | Snake:3  | Received a gift from Okawaru
 23678 | Snake:3  | Found a sparkling altar of Nemelex Xobeh.
 23681 | Snake:3  | 23681 ||| RETREEAATING.
 23687 | Snake:3  | Reached skill level 23 in Ranged Weapons
 23709 | Snake:3  | 23709 ||| Stepping ~*~*~tactically~*~*~ (retreating).
 23892 | Snake:3  | 23892 ||| PLANNING SHOALS:4
 24067 | Shoals:4 | Entered Level 4 of the Shoals
 24068 | Shoals:4 | 24068 ||| INVOKING Finesse.
 24069 | Shoals:4 | 24069 ||| STAIRDANCE
 24096 | Shoals:4 | 24096 ||| STAIRDANCE
 24101 | Shoals:4 | 24101 ||| STAIRDANCE
 24106 | Shoals:4 | 24106 ||| Stepping ~*~*~tactically~*~*~ (retreating).
 24107 | Shoals:4 | 24107 ||| INVOKING Finesse.
 24111 | Shoals:4 | 24111 ||| Stepping ~*~*~tactically~*~*~ (retreating).
 24215 | Shoals:4 | Found the +12 glaive of Prune {freeze, Prune}
 24219 | Shoals:4 | Identified the +0 falchion "Pusuix" {chaos, Will+}
 24242 | Shoals:4 | 24242 ||| RETREEAATING.
 24243 | Shoals:4 | 24243 ||| STILL RETREEAATING.
 24244 | Shoals:4 | 24244 ||| STILL RETREEAATING.
 24269 | Shoals:4 | 24269 ||| FLEEEEING.
 24271 | Shoals:4 | 24271 ||| RETREEAATING.
 24272 | Shoals:4 | 24272 ||| STILL RETREEAATING.
 24274 | Shoals:4 | 24274 ||| STILL RETREEAATING.
 24275 | Shoals:4 | 24275 ||| STILL RETREEAATING.
 24276 | Shoals:4 | 24276 ||| Stepping ~*~*~tactically~*~*~ (retreating).
 24277 | Shoals:4 | 24277 ||| STILL RETREEAATING.
 24278 | Shoals:4 | 24278 ||| Stepping ~*~*~tactically~*~*~ (retreating).
 24279 | Shoals:4 | 24279 ||| Stepping ~*~*~tactically~*~*~ (retreating).
 24280 | Shoals:4 | 24280 ||| RETREEAATING.
 24283 | Shoals:4 | 24283 ||| Stepping ~*~*~tactically~*~*~ (retreating).
 24284 | Shoals:4 | 24284 ||| Stepping ~*~*~tactically~*~*~ (retreating).
 24285 | Shoals:4 | 24285 ||| Stepping ~*~*~tactically~*~*~ (retreating).
 24286 | Shoals:4 | 24286 ||| Stepping ~*~*~tactically~*~*~ (retreating).
 24287 | Shoals:4 | 24287 ||| Stepping ~*~*~tactically~*~*~ (retreating).
 24288 | Shoals:4 | 24288 ||| Stepping ~*~*~tactically~*~*~ (retreating).
 24289 | Shoals:4 | 24289 ||| Stepping ~*~*~tactically~*~*~ (retreating).
 24290 | Shoals:4 | 24290 ||| INVOKING Finesse.
 24296 | Shoals:4 | 24296 ||| INVOKING Heroism.
 24301 | Shoals:4 | Received a gift from Okawaru
 24302 | Shoals:4 | HP: 24/122 [faun/sling bullet (13)]
 24303 | Shoals:4 | 24303 ||| READING 18 scrolls of teleportation.
 24304 | Shoals:4 | 24304 ||| DRINKING 5 potions of heal wounds.
 24757 | Shoals:4 | 24757 ||| DROPPING +4 ring of slaying {mikee}.
 24767 | Shoals:4 | Got a barnacled rune of Zot
 25143 | Shoals:4 | 25143 ||| PLANNING VAULTS:1-4
 25439 | Vaults:1 | Entered Level 1 of the Vaults
 25448 | Vaults:1 | 25448 ||| RETREEAATING.
 25449 | Vaults:1 | 25449 ||| STILL RETREEAATING.
 25450 | Vaults:1 | 25450 ||| Stepping ~*~*~tactically~*~*~ (retreating).
 25451 | Vaults:1 | 25451 ||| Stepping ~*~*~tactically~*~*~ (retreating).
 25452 | Vaults:1 | 25452 ||| Stepping ~*~*~tactically~*~*~ (retreating).
 25453 | Vaults:1 | 25453 ||| STILL RETREEAATING.
 25454 | Vaults:1 | 25454 ||| INVOKING Finesse.
 25458 | Vaults:1 | Reached skill level 24 in Ranged Weapons
 25562 | Vaults:1 | Received a gift from Okawaru
 25679 | Vaults:1 | Found a portal to a secret trove of treasure.
 25713 | Vaults:1 | Found Vipod's Weapon Shop.
 25841 | Vaults:1 | 25841 ||| FLEEEEING.
 25842 | Vaults:1 | 25842 ||| FLEEEEING.
 25843 | Vaults:1 | 25843 ||| FLEEEEING.
 25844 | Vaults:1 | 25844 ||| FLEEEEING.
 25847 | Vaults:1 | 25847 ||| FLEEEEING.
 25848 | Vaults:1 | 25848 ||| FLEEEEING.
 25968 | Vaults:1 | 25968 ||| RETREEAATING.
 26072 | Vaults:1 | 26072 ||| INVOKING Finesse.
 26073 | Vaults:1 | 26073 ||| RETREEAATING.
 26077 | Vaults:1 | Received a gift from Okawaru
 26081 | Vaults:1 | 26081 ||| Stepping ~*~*~tactically~*~*~ (retreating).
 26090 | Vaults:1 | Reached XP level 19. HP: 83/128 MP: 23/26
 26316 | Vaults:1 | 26316 ||| RETREEAATING.
 26317 | Vaults:1 | 26317 ||| STILL RETREEAATING.
 26318 | Vaults:1 | 26318 ||| STILL RETREEAATING.
 26319 | Vaults:1 | 26319 ||| STILL RETREEAATING.
 26321 | Vaults:1 | 26321 ||| Stepping ~*~*~tactically~*~*~ (retreating).
 26322 | Vaults:1 | 26322 ||| Stepping ~*~*~tactically~*~*~ (retreating).
 26323 | Vaults:1 | 26323 ||| Stepping ~*~*~tactically~*~*~ (retreating).
 26519 | Vaults:1 | Reached skill level 25 in Ranged Weapons
 26560 | Vaults:1 | 26560 ||| INVOKING Finesse.
 26629 | Vaults:1 | Received a gift from Okawaru
 26993 | Vaults:1 | 26993 ||| DROPPING +1 pair of gloves.
 26994 | Vaults:1 | 26994 ||| DROPPING +2 pair of boots.
 26995 | Vaults:1 | 26995 ||| READING 20 scrolls of identify.
 26995 | Vaults:1 | 26995 ||| IDENTIFYING emerald potion
 26996 | Vaults:1 | 26996 ||| DROPPING potion of berserk rage.
 27019 | Vaults:2 | Noticed Margery
 27020 | Vaults:2 | 27020 ||| DRINKING 2 potions of resistance.
 27021 | Vaults:2 | 27021 ||| INVOKING Finesse.
 27024 | Vaults:2 | 27024 ||| Stepping ~*~*~tactically~*~*~ (retreating).
 27025 | Vaults:2 | 27025 ||| Stepping ~*~*~tactically~*~*~ (retreating).
 27026 | Vaults:2 | 27026 ||| Stepping ~*~*~tactically~*~*~ (retreating).
 27028 | Vaults:2 | 27028 ||| Stepping ~*~*~tactically~*~*~ (retreating).
 27030 | Vaults:2 | 27030 ||| Stepping ~*~*~tactically~*~*~ (retreating).
 27033 | Vaults:2 | 27033 ||| Stepping ~*~*~tactically~*~*~ (retreating).
 27034 | Vaults:2 | 27034 ||| Stepping ~*~*~tactically~*~*~ (retreating).
 27035 | Vaults:2 | 27035 ||| Stepping ~*~*~tactically~*~*~ (retreating).
 27038 | Vaults:2 | 27038 ||| INVOKING Finesse.
 27039 | Vaults:2 | HP: 26/128 [hell knight/+1 demon trident[Margery] (14)]
 27039 | Vaults:2 | HP: 10/128 [Margery/bolt of fire (16)]
 27040 | Vaults:2 | 27040 ||| READING 20 scrolls of teleportation.
 27041 | Vaults:2 | 27041 ||| DRINKING 4 potions of heal wounds.
 27042 | Vaults:2 | 27042 ||| DRINKING 3 potions of heal wounds.
 27043 | Vaults:2 | 27043 ||| DRINKING 2 potions of heal wounds.
 27044 | Vaults:2 | 27044 ||| RETREEAATING.
 27271 | Vaults:2 | 27271 ||| Stepping ~*~*~tactically~*~*~ (retreating).
 27272 | Vaults:2 | 27272 ||| Stepping ~*~*~tactically~*~*~ (retreating).
 27273 | Vaults:2 | 27273 ||| Stepping ~*~*~tactically~*~*~ (retreating).
 27276 | Vaults:2 | Reached skill level 18 in Fighting
 27347 | Vaults:2 | 27347 ||| INVOKING Finesse.
 27348 | Vaults:2 | 27348 ||| RETREEAATING.
 27578 | Vaults:2 | Found a staircase to the Crypt.
 27632 | Vaults:2 | 27632 ||| INVOKING Finesse.
 27634 | Vaults:2 | 27634 ||| RETREEAATING.
 27635 | Vaults:2 | 27635 ||| Stepping ~*~*~tactically~*~*~ (retreating).
 27636 | Vaults:2 | 27636 ||| Stepping ~*~*~tactically~*~*~ (retreating).
 27637 | Vaults:2 | 27637 ||| Stepping ~*~*~tactically~*~*~ (retreating).
 27638 | Vaults:2 | 27638 ||| STILL RETREEAATING.
 27639 | Vaults:2 | 27639 ||| Stepping ~*~*~tactically~*~*~ (retreating).
 27640 | Vaults:2 | 27640 ||| Stepping ~*~*~tactically~*~*~ (retreating).
 27641 | Vaults:2 | 27641 ||| STILL RETREEAATING.
 27642 | Vaults:2 | 27642 ||| Stepping ~*~*~tactically~*~*~ (retreating).
 27646 | Vaults:2 | Received a gift from Okawaru
 27806 | Vaults:2 | 27806 ||| DRINKING potion of resistance.
 27808 | Vaults:2 | 27808 ||| INVOKING Finesse.
 27813 | Vaults:2 | Killed Margery
 27861 | Vaults:2 | Paralysed by a sphinx for 4 turns
 27868 | Vaults:2 | Noticed Zenata
 27869 | Vaults:2 | 27869 ||| INVOKING Finesse.
 27875 | Vaults:2 | Killed Zenata
 27889 | Vaults:2 | Received a gift from Okawaru
 27900 | Vaults:2 | 27900 ||| RETREEAATING.
 27902 | Vaults:2 | 27902 ||| RETREEAATING.
 27946 | Vaults:2 | Reached skill level 26 in Ranged Weapons
 27946 | Vaults:2 | 27946 ||| INVOKING Finesse.
 28131 | Vaults:2 | You are sucked into a shaft and drop 1 floor!
 28132 | Vaults:3 | 28132 ||| INVOKING Finesse.
 28137 | Vaults:3 | 28137 ||| Stepping ~*~*~tactically~*~*~ (retreating).
 28138 | Vaults:3 | 28138 ||| Stepping ~*~*~tactically~*~*~ (retreating).
 28230 | Vaults:3 | Reached XP level 20. HP: 136/136 MP: 27/27
 28294 | Vaults:3 | 28294 ||| RETREEAATING.
 28295 | Vaults:3 | 28295 ||| STILL RETREEAATING.
 28296 | Vaults:3 | 28296 ||| STILL RETREEAATING.
 28297 | Vaults:3 | 28297 ||| STILL RETREEAATING.
 28298 | Vaults:3 | 28298 ||| STILL RETREEAATING.
 28299 | Vaults:3 | 28299 ||| STILL RETREEAATING.
 28300 | Vaults:3 | 28300 ||| STILL RETREEAATING.
 28301 | Vaults:3 | 28301 ||| STILL RETREEAATING.
 28302 | Vaults:3 | 28302 ||| STILL RETREEAATING.
 28303 | Vaults:3 | 28303 ||| STILL RETREEAATING.
 28304 | Vaults:3 | 28304 ||| STILL RETREEAATING.
 28305 | Vaults:3 | 28305 ||| STILL RETREEAATING.
 28306 | Vaults:3 | 28306 ||| STILL RETREEAATING.
 28307 | Vaults:3 | 28307 ||| Stepping ~*~*~tactically~*~*~ (retreating).
 28313 | Vaults:3 | Received a gift from Okawaru
 28822 | Vaults:3 | 28822 ||| RETREEAATING.
 28823 | Vaults:3 | 28823 ||| STILL RETREEAATING.
 28824 | Vaults:3 | 28824 ||| STILL RETREEAATING.
 28825 | Vaults:3 | 28825 ||| STILL RETREEAATING.
 28826 | Vaults:3 | 28826 ||| STILL RETREEAATING.
 28827 | Vaults:3 | 28827 ||| STILL RETREEAATING.
 28828 | Vaults:3 | 28828 ||| STILL RETREEAATING.
 28829 | Vaults:3 | 28829 ||| STILL RETREEAATING.
 28830 | Vaults:3 | 28830 ||| STILL RETREEAATING.
 28831 | Vaults:3 | 28831 ||| STILL RETREEAATING.
 28832 | Vaults:3 | 28832 ||| STILL RETREEAATING.
 28833 | Vaults:3 | 28833 ||| STILL RETREEAATING.
 28834 | Vaults:3 | 28834 ||| STILL RETREEAATING.
 28835 | Vaults:3 | 28835 ||| STILL RETREEAATING.
 28836 | Vaults:3 | 28836 ||| STILL RETREEAATING.
 28837 | Vaults:3 | 28837 ||| STILL RETREEAATING.
 28838 | Vaults:3 | 28838 ||| STILL RETREEAATING.
 28839 | Vaults:3 | 28839 ||| STILL RETREEAATING.
 28840 | Vaults:3 | 28840 ||| STILL RETREEAATING.
 28841 | Vaults:3 | 28841 ||| STILL RETREEAATING.
 28842 | Vaults:3 | 28842 ||| STILL RETREEAATING.
 28843 | Vaults:3 | 28843 ||| STILL RETREEAATING.
 28844 | Vaults:3 | 28844 ||| STILL RETREEAATING.
 28845 | Vaults:3 | 28845 ||| STILL RETREEAATING.
 28846 | Vaults:3 | 28846 ||| STILL RETREEAATING.
 28847 | Vaults:3 | 28847 ||| STILL RETREEAATING.
 28848 | Vaults:3 | 28848 ||| STILL RETREEAATING.
 28849 | Vaults:3 | 28849 ||| STILL RETREEAATING.
 28850 | Vaults:3 | 28850 ||| STILL RETREEAATING.
 28851 | Vaults:3 | 28851 ||| STILL RETREEAATING.
 28852 | Vaults:3 | 28852 ||| STILL RETREEAATING.
 28853 | Vaults:3 | 28853 ||| STILL RETREEAATING.
 28854 | Vaults:3 | 28854 ||| STILL RETREEAATING.
 28855 | Vaults:3 | 28855 ||| STILL RETREEAATING.
 28856 | Vaults:3 | 28856 ||| STILL RETREEAATING.
 28857 | Vaults:3 | 28857 ||| STILL RETREEAATING.
 28858 | Vaults:3 | 28858 ||| STILL RETREEAATING.
 28859 | Vaults:3 | 28859 ||| STILL RETREEAATING.
 28860 | Vaults:3 | 28860 ||| STILL RETREEAATING.
 28861 | Vaults:3 | 28861 ||| STILL RETREEAATING.
 28862 | Vaults:3 | 28862 ||| STILL RETREEAATING.
 28863 | Vaults:3 | 28863 ||| STILL RETREEAATING.
 28864 | Vaults:3 | 28864 ||| STILL RETREEAATING.
 28951 | Vaults:3 | Received a gift from Okawaru
 28959 | Vaults:3 | 28959 ||| INVOKING Finesse.
 28995 | Vaults:3 | 28995 ||| STAIRDANCE
 29405 | Vaults:2 | 29405 ||| RETREEAATING.
 29406 | Vaults:2 | 29406 ||| STILL RETREEAATING.
 29407 | Vaults:2 | 29407 ||| STILL RETREEAATING.
 29438 | Vaults:2 | Found Citug's Jewellery Emporium.
 29441 | Vaults:2 | 29441 ||| SHOPLISTING amulet "Mewnasim" {Acrobat -Cast
                  | rC+++ Dex+6 Slay-5} (849 gold, have 704).
 29441 | Vaults:2 | 29441 ||| BUYING amulet of reflection (450 gold).
 29441 | Vaults:2 | Bought an amulet of reflection for 450 gold pieces
 29494 | Vaults:2 | 29494 ||| DROPPING amulet of regeneration.
 29749 | Vaults:3 | Received a gift from Okawaru
 29934 | Vaults:4 | 29934 ||| STAIRDANCE
 29936 | Vaults:3 | 29936 ||| Stepping ~*~*~tactically~*~*~ (retreating).
 29937 | Vaults:3 | 29937 ||| Stepping ~*~*~tactically~*~*~ (retreating).
 29938 | Vaults:3 | 29938 ||| Stepping ~*~*~tactically~*~*~ (retreating).
 29939 | Vaults:3 | 29939 ||| Stepping ~*~*~tactically~*~*~ (retreating).
 30065 | Vaults:4 | 30065 ||| RETREEAATING.
 30067 | Vaults:4 | 30067 ||| RETREEAATING.
 30068 | Vaults:4 | 30068 ||| STILL RETREEAATING.
 30070 | Vaults:4 | 30070 ||| STILL RETREEAATING.
 30071 | Vaults:4 | 30071 ||| STILL RETREEAATING.
 30072 | Vaults:4 | 30072 ||| STILL RETREEAATING.
 30073 | Vaults:4 | 30073 ||| STILL RETREEAATING.
 30074 | Vaults:4 | 30074 ||| STILL RETREEAATING.
 30075 | Vaults:4 | 30075 ||| STILL RETREEAATING.
 30076 | Vaults:4 | 30076 ||| STILL RETREEAATING.
 30078 | Vaults:4 | 30078 ||| STILL RETREEAATING.
 30176 | Vaults:4 | 30176 ||| FLEEEEING.
 30177 | Vaults:4 | 30177 ||| STAIRDANCE
 30288 | Vaults:4 | 30288 ||| RETREEAATING.
 30289 | Vaults:4 | 30289 ||| STILL RETREEAATING.
 30291 | Vaults:4 | 30291 ||| STILL RETREEAATING.
 30292 | Vaults:4 | 30292 ||| STILL RETREEAATING.
 30295 | Vaults:4 | 30295 ||| STILL RETREEAATING.
 30296 | Vaults:4 | 30296 ||| STILL RETREEAATING.
 30298 | Vaults:4 | 30298 ||| RETREEAATING.
 30299 | Vaults:4 | 30299 ||| Stepping ~*~*~tactically~*~*~ (retreating).
 30300 | Vaults:4 | 30300 ||| INVOKING Finesse.
 30304 | Vaults:4 | 30304 ||| STILL RETREEAATING.
 30305 | Vaults:4 | 30305 ||| Stepping ~*~*~tactically~*~*~ (retreating).
 30410 | Vaults:4 | Received a gift from Okawaru
 30457 | Vaults:4 | Found a runed translucent door.
 30457 | Vaults:4 | Noticed TPoD's ghost (adept HOMo)
 30529 | Vaults:4 | 30529 ||| UPGRADING to +2 cloak of willpower.
 30539 | Vaults:4 | 30539 ||| DROPPING +2 cloak.
 30540 | Vaults:4 | 30540 ||| DROPPING scarf of repulsion.
 30806 | Vaults:4 | 30806 ||| INVOKING Finesse.
 30897 | Vaults:4 | Reached skill level 12 in Armour
 31267 | Vaults:4 | 31267 ||| PLANNING SNAKE:4
 31718 | Snake:4  | Entered Level 4 of the Snake Pit
 31732 | Snake:4  | Found Sobaal's Overcharged Wands.
 31748 | Snake:4  | Found a glowing golden altar of the Shining One.
 31961 | Snake:4  | Reached XP level 21. HP: 143/143 MP: 28/28
 31998 | Snake:4  | Found Fyupnip's Jewellery Emporium.
 32015 | Snake:4  | Received a gift from Okawaru
 32016 | Snake:4  | Reached skill level 27 in Ranged Weapons
 32272 | Snake:4  | Identified the ring "Xuli" {Int+4 Dex+6}
 32367 | Snake:4  | 32367 ||| RETREEAATING.
 32368 | Snake:4  | 32368 ||| STILL RETREEAATING.
 32369 | Snake:4  | 32369 ||| STILL RETREEAATING.
 32370 | Snake:4  | 32370 ||| STILL RETREEAATING.
 32371 | Snake:4  | 32371 ||| FLEEEEING.
 32375 | Snake:4  | 32375 ||| RETREEAATING.
 32376 | Snake:4  | 32376 ||| STILL RETREEAATING.
 32598 | Snake:4  | 32598 ||| FLEEEEING.
 32599 | Snake:4  | 32599 ||| FLEEEEING.
 32600 | Snake:4  | 32600 ||| FLEEEEING.
 32601 | Snake:4  | 32601 ||| FLEEEEING.
 32602 | Snake:4  | 32602 ||| FLEEEEING.
 32603 | Snake:4  | 32603 ||| FLEEEEING.
 32604 | Snake:4  | 32604 ||| FLEEEEING.
 32605 | Snake:4  | 32605 ||| FLEEEEING.
 32606 | Snake:4  | 32606 ||| FLEEEEING.
 32607 | Snake:4  | 32607 ||| FLEEEEING.
 32608 | Snake:4  | 32608 ||| FLEEEEING.
 32609 | Snake:4  | 32609 ||| FLEEEEING.
 32610 | Snake:4  | 32610 ||| FLEEEEING.
 32611 | Snake:4  | 32611 ||| FLEEEEING.
 32612 | Snake:4  | 32612 ||| FLEEEEING.
 32622 | Snake:4  | 32622 ||| FLEEEEING.
 32623 | Snake:4  | 32623 ||| FLEEEEING.
 32624 | Snake:4  | 32624 ||| FLEEEEING.
 32625 | Snake:4  | 32625 ||| FLEEEEING.
 32626 | Snake:4  | 32626 ||| FLEEEEING.
 32627 | Snake:4  | 32627 ||| FLEEEEING.
 32628 | Snake:4  | 32628 ||| FLEEEEING.
 32630 | Snake:4  | 32630 ||| FLEEEEING.
 32631 | Snake:4  | 32631 ||| FLEEEEING.
 32632 | Snake:4  | 32632 ||| FLEEEEING.
 32633 | Snake:4  | 32633 ||| FLEEEEING.
 32634 | Snake:4  | 32634 ||| FLEEEEING.
 32635 | Snake:4  | 32635 ||| FLEEEEING.
 32636 | Snake:4  | 32636 ||| FLEEEEING.
 32637 | Snake:4  | 32637 ||| FLEEEEING.
 32638 | Snake:4  | 32638 ||| FLEEEEING.
 32639 | Snake:4  | 32639 ||| FLEEEEING.
 32643 | Snake:4  | 32643 ||| FLEEEEING.
 32835 | Snake:4  | Received a gift from Okawaru
 32848 | Snake:4  | Reached skill level 12 in Dodging
 32900 | Snake:4  | 32900 ||| UPGRADING to ring "Xuli" {Int+4 Dex+6}.
 32902 | Snake:4  | 32902 ||| DROPPING +5 ring of evasion.
 32911 | Snake:4  | 32911 ||| INVOKING Finesse.
 32912 | Snake:4  | 32912 ||| INVOKING Heroism.
 33021 | Snake:4  | Got a serpentine rune of Zot
 33022 | Snake:4  | 33022 ||| PLANNING DEPTHS
 33424 | Depths:1 | Entered Level 1 of the Depths
 33426 | Depths:1 | 33426 ||| STAIRDANCE
 33494 | Depths:1 | Received a gift from Okawaru
 33576 | Depths:1 | Found Arops's Book Shop.
 33585 | Depths:1 | 33585 ||| INVOKING Finesse.
 33586 | Depths:1 | 33586 ||| RETREEAATING.
 33587 | Depths:1 | 33587 ||| Stepping ~*~*~tactically~*~*~ (retreating).
 33588 | Depths:1 | 33588 ||| Stepping ~*~*~tactically~*~*~ (retreating).
 33589 | Depths:1 | 33589 ||| Stepping ~*~*~tactically~*~*~ (retreating).
 33808 | Depths:1 | 33808 ||| RETREEAATING.
 33809 | Depths:1 | 33809 ||| STILL RETREEAATING.
 33810 | Depths:1 | 33810 ||| STILL RETREEAATING.
 33811 | Depths:1 | 33811 ||| STILL RETREEAATING.
 33812 | Depths:1 | 33812 ||| STILL RETREEAATING.
 33815 | Depths:1 | 33815 ||| INVOKING Finesse.
 33842 | Depths:1 | 33842 ||| FLEEEEING.
 33844 | Depths:1 | 33844 ||| FLEEEEING.
 34071 | Depths:1 | Noticed a juggernaut
 34072 | Depths:1 | 34072 ||| INVOKING Finesse.
 34075 | Depths:1 | Killed a juggernaut
 34082 | Depths:1 | Noticed a caustic shrike
 34089 | Depths:1 | Received a gift from Okawaru
 34102 | Depths:1 | 34102 ||| RETREEAATING.
 34103 | Depths:1 | 34103 ||| Stepping ~*~*~tactically~*~*~ (retreating).
 34104 | Depths:1 | 34104 ||| Stepping ~*~*~tactically~*~*~ (retreating).
 34105 | Depths:1 | 34105 ||| Stepping ~*~*~tactically~*~*~ (retreating).
 34106 | Depths:1 | 34106 ||| Stepping ~*~*~tactically~*~*~ (retreating).
 34107 | Depths:1 | 34107 ||| Stepping ~*~*~tactically~*~*~ (retreating).
 34108 | Depths:1 | 34108 ||| Stepping ~*~*~tactically~*~*~ (retreating).
 34109 | Depths:1 | 34109 ||| Stepping ~*~*~tactically~*~*~ (retreating).
 34110 | Depths:1 | 34110 ||| Stepping ~*~*~tactically~*~*~ (retreating).
 34111 | Depths:1 | 34111 ||| Stepping ~*~*~tactically~*~*~ (retreating).
 34112 | Depths:1 | 34112 ||| Stepping ~*~*~tactically~*~*~ (retreating).
 34113 | Depths:1 | 34113 ||| Stepping ~*~*~tactically~*~*~ (retreating).
 34115 | Depths:1 | Killed a caustic shrike
 34430 | Depths:1 | 34430 ||| RETREEAATING.
 34431 | Depths:1 | 34431 ||| STILL RETREEAATING.
 34440 | Depths:1 | Found a one-way gate to the infinite horrors of the Abyss.
 34565 | Depths:1 | 34565 ||| INVOKING Finesse.
 34780 | Depths:1 | 34780 ||| RETREEAATING.
 34782 | Depths:1 | 34782 ||| STILL RETREEAATING.
 34784 | Depths:1 | 34784 ||| Stepping ~*~*~tactically~*~*~ (retreating).
 34785 | Depths:1 | 34785 ||| Stepping ~*~*~tactically~*~*~ (retreating).
 34786 | Depths:1 | 34786 ||| Stepping ~*~*~tactically~*~*~ (retreating).
 34787 | Depths:1 | 34787 ||| Stepping ~*~*~tactically~*~*~ (retreating).
 34788 | Depths:1 | 34788 ||| Stepping ~*~*~tactically~*~*~ (retreating).
 34840 | Depths:1 | Found a gateway to Hell.
 34894 | Depths:1 | 34894 ||| DROPPING +1 leather armour of fire resistance.
 34922 | Depths:2 | 34922 ||| STAIRDANCE
 34924 | Depths:1 | Received a gift from Okawaru
 34927 | Depths:2 | 34927 ||| STAIRDANCE
 35033 | Depths:2 | 35033 ||| STAIRDANCE
 35038 | Depths:2 | 35038 ||| INVOKING Finesse.
 35039 | Depths:2 | 35039 ||| STAIRDANCE
 35100 | Depths:2 | 35100 ||| INVOKING Finesse.
 35104 | Depths:2 | 35104 ||| STAIRDANCE
 35149 | Depths:2 | 35149 ||| RETREEAATING.
 35150 | Depths:2 | 35150 ||| STILL RETREEAATING.
 35151 | Depths:2 | 35151 ||| STILL RETREEAATING.
 35152 | Depths:2 | 35152 ||| STILL RETREEAATING.
 35154 | Depths:2 | Reached XP level 22. HP: 137/150 MP: 29/29
 35163 | Depths:2 | HP: 30/150 [smoke demon/divine providence (10)]
 35164 | Depths:2 | 35164 ||| READING 19 scrolls of teleportation.
 35165 | Depths:2 | 35165 ||| DRINKING 2 potions of heal wounds.
 35167 | Depths:2 | 35167 ||| RETREEAATING.
 35168 | Depths:2 | 35168 ||| INVOKING Finesse.
 35170 | Depths:2 | 35170 ||| Stepping ~*~*~tactically~*~*~ (retreating).
 35171 | Depths:2 | 35171 ||| Stepping ~*~*~tactically~*~*~ (retreating).
 35172 | Depths:2 | 35172 ||| Stepping ~*~*~tactically~*~*~ (retreating).
 35173 | Depths:2 | 35173 ||| Stepping ~*~*~tactically~*~*~ (retreating).
 35174 | Depths:2 | 35174 ||| Stepping ~*~*~tactically~*~*~ (retreating).
 35175 | Depths:2 | 35175 ||| Stepping ~*~*~tactically~*~*~ (retreating).
 35176 | Depths:2 | 35176 ||| Stepping ~*~*~tactically~*~*~ (retreating).
 35184 | Depths:2 | 35184 ||| Stepping ~*~*~tactically~*~*~ (retreating).
 35188 | Depths:2 | HP: 24/150 [fire giant/fireball (26)]
 35189 | Depths:2 | 35189 ||| READING 18 scrolls of teleportation.
 35189 | Depths:2 | HP: 11/151 [ettin/+2 dire flail of protection (6)]
 35190 | Depths:2 | 35190 ||| DRINKING potion of heal wounds.
 35191 | Depths:2 | 35191 ||| PLANNING DEPTHS
 35191 | Depths:2 | Quit the game

Levels and vault maps discovered:
D:1:      moated_graveyard_arrival, layout_basic, st_stairs_12, minmay_3d_cube
D:2:      layout_loops_cross, serial_shops, nicolae_lakefront_shop, basic_altar,
          ebering_dispersal_statue_hall
D:3:      layout_basic, lemuel_coloured_pillars_altar, gup_sewer_entry_bowl
D:4:      layout_basic, minmay_temple_entry_statues_fountains,
          corexii_item_surrounded_by_moat
D:5:      layout_cave_pools, nicolae_overflow_hidden_temple,
          nicolae_ru_the_path_less_chosen, nemelex_spade_bored_becter,
          dancing_weapons_uskayaw, uniq_prince_ribbit1
D:6:      layout_basic, uniq_menkaure
D:7:      cheibrodos_two_vegetables, layout_basic,
          mainiacjoe_overflow_small_starburst, kennysheep_generic_room_6
D:8:      cheibrodos_shockbox, layout_loops_ring, kennysheep_little_box,
          gammafunk_ghost_hydra_chop, serial_shops, shop
D:9:      layout_roguey, tso_altar, makhleb_altar_promises_db, serial_bayou,
          serial_bayou_pond_b, serial_bayou_shore_a, serial_bayou_ford_a,
          serial_bayou_pond_b
D:10:     layout_roguey, kennysheep_orc_sif_temple, yredelemnul_altar_generic,
          uniq_gastronok, uniq_amaemon, uniq_erica, uniq_harold
D:11:     gammafunk_the_bubble [the_bubble_gammafunk_split],
          layout_loops_corners, lair_entry_dummy, orc_0_dummy
D:12:     layout_roguey, gammafunk_ghost_stat_death, kb_lookout_dungeons_type
D:13:     layout_roguey
D:14:     layout_basic, david_vaults_4, hangedman_decor_opposing,
          minmay_joined_circles, uniq_agnes
D:15:     grunt_enter_depths_magical_seal, layout_loops_ring, serial_shops,
          shop_scrolls, minmay_misc_feat_rows, minmay_crystal_room
Temple:   jpeg_temple_clearing
Lair:1:   layout_regular_city
Lair:2:   layout_cave_pods, evilmike_ambush [evilmike_ambush_outer_basic,
          evilmike_ambush_inner_basic]
Lair:3:   layout_long_grid, shoals_dummy_entry, nicolae_snake_entry_squirm,
          nicolae_volcano_entry_s_turn
Lair:4:   layout_small_grid, gauntlet_entry_generic, lemuel_fruit_fields
Lair:5:   hangedman_lair_tendril_chambers, layout_gridlike,
          guppyfry_lair_end_dragon, minmay_slime_entry_jelly_boxes,
          chequers_serial_rivers_marsh
Shoals:1: layout_shoals, uniq_kirke
Shoals:2: layout_shoals, serial_shops, shop, nicolae_shop_firing_range
Shoals:3: layout_shoals, serial_shops, shop, uniq_bai_suzhen, uniq_ilsuiw
Shoals:4: shoals_end_grunt_garden, layout_shoals
Snake:1:  layout_onion_interference, serial_shops, shop, uniq_aizul
Snake:2:  layout_cave_shapes, basic_altar, uniq_nikola, uniq_vashnia
Snake:3:  layout_misc_corridors, basic_altar, nicolae_coiled_stairwell_down,
          grunt_megastairs_2
Snake:4:  snake_pit_salamanders_mu, layout_basic, serial_shops,
          nicolae_shop_peninsula, basic_altar, grunt_ministairs_9,
          nicolae_shop_overcharged_wands
Orc:1:    layout_caves, uniq_nergalle, uniq_jorgrun, uniq_sonja
Orc:2:    grunt_orc_cross, layout_caves, minmay_shop_mayhem, uniq_nessos
Vaults:1: vaults_mumra_lcd, v_misc_17, nicolae_vaults_sightless_eye,
          nicolae_vaults_angled_halls, st_hourglassy,
          ontoclasm_vaults_loading_screen, layout_vaults_chaotic_city,
          nicolae_trove_entry_columns, serial_shops,
          nicolae_shop_tiny_waterfront
Vaults:2: st_lines, minmay_crypt_entry_nasty_monster, hangedman_vaults_slice,
          vaults_room_fancy_cross, hangedman_vaults_stitches, v_misc_23,
          v_pattern_3, nicolae_vaults_angled_halls,
          nicolae_vaults_three_branches, nicolae_vaults_six-pack,
          vaults_room_pools, ontoclasm_vaults_gateway,
          nicolae_vaults_frosty_reception, nicolae_vaults_circle_grid_a,
          nicolae_vaults_tetromino_T_2, layout_vaults_maze, serial_shops,
          nicolae_shop_real_fake_doors, uniq_margery, uniq_zenata
Vaults:3: nicolae_vaults_what_the_h, vaults_room_grid,
          hangedman_vaults_variations, v_misc_3, nicolae_vaults_surprise_closet,
          layout_vaults_omnigrid
Vaults:4: hellmonk_ghost_happy_afterlife, ontoclasm_vaults_misaligned,
          nicolae_vaults_trapezoid_3, nicolae_vaults_tetromino_L_2,
          v_alt_pattern_1, nicolae_vaults_layer_cake_slice,
          nicolae_vaults_tetromino_Z_2, nicolae_vaults_angled_halls,
          nicolae_vaults_little_squares_4, hangedman_vaults_capsules,
          kb_rosetta, hangedman_vaults_corner_blocks,
          nicolae_vaults_back_hallway, nicolae_vaults_mini_display_case,
          vaults_room_fours, nicolae_vaults_sealed_display,
          nicolae_vaults_ring_of_whatevers, layout_vaults_omnibox
Depths:1: layout_honeycomb, hangedman_abyss_entry_splay, hell_entry,
          nzn_random_ring, minmay_shop_star
Depths:2: minmay_gate_of_8, layout_gridlike, hellmouth_3,
          minmay_splitting_lines, pan_entry, minmay_gold_behind_fungi,
          infiniplex_staircase_pool_2, uniq_norris

Skill      XL: |  1  2  3  4  5  6  7  8  9 10 11 12 13 14 15 16 17 18 19 20 21 |
---------------+----------------------------------------------------------------+-----
Ranged Weapons | 5 6 7 8 9 11 12 13 15 16 18 20 22 24 26 27 | 27.0
Fighting       | 3 4 5 6 8 9 10 12 14 16 17 18 19 | 19.6
Armour         | 1 2 3 6 7 8 10 11 12 13 | 13.1
Dodging        | 2 3 4 7 9 10 11 14 | 14.0
Invocations    | 1 4 7 10 | 10.2
Stealth        | |  1.1

Action                     |  1- 3 |  4- 6 |  7- 9 | 10-12 | 13-15 | 16-18 | 19-21 | 22-24 || total
---------------------------+-------+-------+-------+-------+-------+-------+-------+-------++-------
   Fire: Shortbow          |   102 |   109 |   248 |       |       |       |       |       ||   459
         Orcbow            |       |       |   116 |   677 |   345 |       |       |       ||  1138
         Arbalest          |       |       |       |       |   422 |   106 |       |       ||   528
         Heavy crossbow    |       |       |       |       |       |   498 |   651 |    23 ||  1172
 Invoke: Heroism           |       |       |     4 |     1 |     1 |     2 |     1 |       ||     9
         Finesse           |       |       |       |    10 |     5 |    15 |    19 |     1 ||    50
         Receive Weapon    |       |       |       |       |     1 |       |       |       ||     1
         Receive Armour    |       |       |       |       |     1 |       |       |       ||     1
    Use: Scroll            |     6 |     6 |     8 |    10 |     6 |     1 |     2 |     2 ||    41
         Potion            |     1 |     5 |       |       |       |     2 |     5 |     2 ||    15
 Armour: Leather armour    |    23 |       |    61 |   111 |       |       |       |       ||   195
         Ring mail         |       |    15 |       |    48 |   241 |   264 |   251 |    34 ||   853
         Robe              |       |    25 |       |       |       |       |       |       ||    25
         Troll leather arm |       |       |       |    35 |       |       |       |       ||    35
  Dodge: Dodged            |    26 |    66 |   113 |   218 |   421 |   601 |   425 |    33 ||  1903
         Repelled          |       |       |       |       |     4 |    21 |       |       ||    25

Table legend:
 A = Non-vault XP
 B = Vault XP
 C = Vault XP percentage of total XP
 D = Non-vault monster count
 E = Vault monster count
 F = Vault count percentage of total count
                 A         B        C        D         E       F
            +---------+---------+-------+---------+---------+-------
      Total |  377626 |  227670 |  37.6 |     953 |     409 |  30.0
            +---------+---------+-------+---------+---------+-------
        D:1 |      36 |      14 |  28.0 |      22 |       7 |  24.1
        D:2 |      28 |       0 |   0.0 |       8 |       0 |   0.0
        D:3 |      75 |      23 |  23.5 |      14 |       4 |  22.2
        D:4 |     595 |       0 |   0.0 |      27 |       0 |   0.0
        D:5 |     356 |     255 |  41.7 |      13 |       1 |   7.1
        D:6 |    1370 |     172 |  11.2 |      28 |       1 |   3.4
        D:7 |     985 |    1123 |  53.3 |      25 |      10 |  28.6
        D:8 |    2529 |       0 |   0.0 |      37 |       0 |   0.0
        D:9 |    2593 |     903 |  25.8 |      30 |       4 |  11.8
       D:10 |    5123 |    4606 |  47.3 |      23 |      10 |  30.3
       D:11 |    6110 |       0 |   0.0 |      23 |       0 |   0.0
       D:12 |    1341 |     106 |   7.3 |      10 |       1 |   9.1
       D:13 |   13424 |       0 |   0.0 |      35 |       0 |   0.0
       D:14 |   12428 |    8447 |  40.5 |      23 |      13 |  36.1
       D:15 |    6244 |    4417 |  41.4 |      15 |       9 |  37.5
     Lair:1 |    1177 |       0 |   0.0 |       5 |       0 |   0.0
     Lair:2 |    3616 |    1803 |  33.3 |      14 |       5 |  26.3
     Lair:3 |    4050 |     489 |  10.8 |      13 |       3 |  18.8
     Lair:4 |    5348 |    1384 |  20.6 |      23 |       4 |  14.8
     Lair:5 |   15980 |   12923 |  44.7 |      36 |      57 |  61.3
   Shoals:1 |   22728 |    1737 |   7.1 |      45 |       3 |   6.2
   Shoals:2 |   22410 |       0 |   0.0 |      41 |       0 |   0.0
   Shoals:3 |   14362 |    6923 |  32.5 |      33 |       5 |  13.2
   Shoals:4 |    5459 |   16445 |  75.1 |      11 |      28 |  71.8
    Snake:1 |   18969 |    3635 |  16.1 |      36 |       2 |   5.3
    Snake:2 |    3443 |    5716 |  62.4 |       7 |       5 |  41.7
    Snake:3 |   15464 |    4055 |  20.8 |      36 |       9 |  20.0
    Snake:4 |   12952 |   39528 |  75.3 |      25 |      60 |  70.6
      Orc:1 |    1430 |    3421 |  70.5 |      22 |       3 |  12.0
      Orc:2 |    4710 |    8615 |  64.7 |      34 |      39 |  53.4
   Vaults:1 |   40417 |    9707 |  19.4 |      61 |      12 |  16.4
   Vaults:2 |   30917 |   37455 |  54.8 |      39 |      40 |  50.6
   Vaults:3 |   33820 |   14857 |  30.5 |      48 |      24 |  33.3
   Vaults:4 |   26009 |    8169 |  23.9 |      39 |       9 |  18.8
   Depths:1 |   27430 |   22323 |  44.9 |      37 |      18 |  32.7
   Depths:2 |   13698 |    3964 |  22.4 |      15 |       6 |  28.6
   Gauntlet |       0 |    4455 | 100.0 |       0 |      17 | 100.0
            +---------+---------+-------+---------+---------+-------
